 Dungeon Crawl Stone Soup version 0.32-a0-473-gd044c6f0f0 (webtiles) character file.

Game seed: 10961210788939197933

526227 sleeves the Sage (level 26, -19/211 HPs)
             Began as a Gnoll Alchemist on Feb 25, 2024.
             Was a High Priest of Sif Muna.
             Shot with a bolt by a yaktaur captain (32 damage)
             ... while paralysed by a dread lich
             ... on level 5 of the Vaults.
             The game lasted 04:06:06 (85213 turns).

sleeves the Sage (Gnoll Alchemist)                 Turns: 85213, Time: 04:06:07

Health: -19/211    AC: 23    Str: 16    XL:     26   Next: 6%
Magic:  32/45      EV:  2    Int: 29    God:    Sif Muna [*****.]
Gold:   5872       SH:  0    Dex: 16    Spells: 12/62 levels left

rFire   + + +        r - +18 lance "Wyrmbane" {slay drac, rPois rF+ rC+ AC+3}
rCold   + + +        A - +1 buckler {AC+3}
rNeg    . . .        U - +4 skin of Zhor {*Englaciate rC+++ SInv}
rPois   +            e - +1 helmet
rElec   +            q - scarf {rC+ rF+}
rCorr   .            F - +2 pair of gloves "Forget-Me-Not" {Int+2}
SInv    +            a - +1 pair of boots of the Ego {+Blink Int+2}
Will    ++...        z - amulet of magic regeneration
Stlth   ++++++++     B - ring "Fiodaqet" {Fire Will+ Dex+2}
HPRegen 0.55/turn    W - ring of Nioxif {rElec Str+6 Int+2 Stlth+}
MPRegen 0.69/turn

%: no passive effects
@: paralysed, brilliant, channelling, hasted, studying 2 skills
A: fangs 1, strong nose, distributed training
}: 2/15 runes: decaying, gossamer
a: Renounce Religion, Evoke Blink, Channel Magic, Forget Spell, Divine Exegesis


You were on level 5 of the Vaults.
You worshipped Sif Muna.
Sif Muna was extremely pleased with you.
You visited 10 branches of the dungeon, and saw 46 of its levels.
You also visited: Trove, Ice Cave and Wizlab.

You collected 7761 gold pieces.
You spent 1889 gold pieces at shops.

Inventory:

Hand Weapons
 r - the +18 lance "Wyrmbane" (weapon) {slay drac, rPois rF+ rC+ AC+3}
   (You took it off Margery on level 2 of the Depths)

   AC+3:      It affects your AC (+3).
   rF+:       It protects you from fire.
   rC+:       It protects you from cold.
   rPois:     It protects you from poison
Missiles
 Z - 6 silver javelins
Armour
 a - the +1 pair of boots of the Ego (worn) {+Blink Int+2}
   (You bought it in a shop on level 2 of the Dungeon)

   Int+2:     It affects your intelligence (+2).
   +Blink:    It lets you blink.
 e - a +1 helmet (worn)
   (You bought it in a shop on level 2 of the Dungeon)
 j - the +1 pair of gloves "Ydinyfeyrph" {Str+5}
   (You found it in a treasure trove)

   Str+5:     It affects your strength (+5).
 q - a scarf of resistance (worn)
   (You found it on level 4 of the Spider Nest)
 A - a +1 buckler of protection (worn)
   (You took it off a tengu reaver on level 2 of the Vaults)
 F - the +2 pair of gloves "Forget-Me-Not" (worn) {Int+2}
   (You found it on level 4 of the Spider Nest)

   Int+2:     It affects your intelligence (+2).
 I - the +3 pair of mountain boots {steadfast, rC+}
   (You found it on level 4 of the Spider Nest)

   Steadfast: It prevents involuntary movement, except for blinking,
   teleportation, or banishment.
   rC+:       It protects you from cold.
 N - a +0 cloak of preservation
   (You found it on level 1 of the Depths)
 U - the +4 skin of Zhor (worn) {*Englaciate rC+++ SInv}
   (You found it in an ice cave)

   *Englaciate: It radiates cold, occasionally slowing all nearby creatures who
   are not resistant to cold.
   rC+++:     It renders you almost immune to cold.
   SInv:      It lets you see invisible.
Jewellery
 z - an amulet of magic regeneration (around neck)
   (You found it on level 12 of the Dungeon)
 B - the ring "Fiodaqet" (left hand) {Fire Will+ Dex+2}
   (You found it on level 10 of the Dungeon)

   [ring of fire]

   Fire:      It enhances your fire magic.
   Dex+2:     It affects your dexterity (+2).
   rF+:       It protects you from fire.
   rC-:       It makes you vulnerable to cold.
   Will+:     It increases your willpower.
 J - a ring of flight
   (You found it on level 10 of the Dungeon)
 W - the ring of Nioxif (right hand) {rElec Str+6 Int+2 Stlth+}
   (You found it on level 12 of the Dungeon)

   [ring of strength]

   Str+6:     It affects your strength (+6).
   Int+2:     It affects your intelligence (+2).
   rElec:     It insulates you from electricity.
   Stlth+:    It makes you more stealthy.
Wands
 d - a wand of mindburst (13)
   (You found it on level 5 of the Lair of Beasts)
 L - a wand of roots (51)
   (You found it on level 8 of the Dungeon)
 M - a wand of digging (19)
   (You found it in an ice cave)
 T - a wand of acid (27)
   (You found it on level 10 of the Dungeon)
Scrolls
 c - 5 scrolls of revelation
 g - 7 scrolls of fog
 h - 6 scrolls of enchant weapon
 i - 5 scrolls of amnesia
 l - 3 scrolls of fear
 p - 6 scrolls of brand weapon
 s - 5 scrolls of blinking
 x - 8 scrolls of enchant armour
 E - 16 scrolls of immolation
 P - 3 scrolls of silence
 Q - 16 scrolls of teleportation
 Y - 3 scrolls of summoning
Potions
 f - 7 potions of brilliance
 k - 4 potions of cancellation
 m - 5 potions of heal wounds
 n - 5 potions of lignification
 o - 8 potions of might
 u - 6 potions of invisibility
 v - 4 potions of berserk rage
 w - 18 potions of curing
 C - 8 potions of mutation
 D - 3 potions of resistance
 G - 4 potions of haste
 H - 4 potions of magic
 K - 9 potions of enlightenment
 O - 7 potions of ambrosia
Miscellaneous
 b - a sack of spiders
   (You found it on level 12 of the Dungeon)
 t - a phantom mirror
   (You found it on level 1 of the Spider Nest)
 y - a phial of floods
   (You found it on level 3 of the Lair of Beasts)
 S - a lightning rod (4/4)
   (You found it on level 9 of the Dungeon)


   Skills:
 + Level 18.0 Fighting
 + Level 18.0 Short Blades
 + Level 18.0 Long Blades
 + Level 18.0 Axes
 + Level 18.0 Maces & Flails
 + Level 18.7 Polearms
 + Level 18.0 Staves
 + Level 18.0 Ranged Weapons
 + Level 18.0 Throwing
 + Level 18.0 Armour
 + Level 18.4 Dodging
 + Level 18.4 Stealth
 + Level 18.0 Shields
 + Level 18.0 Unarmed Combat
 + Level 18.5 Spellcasting
 + Level 15.4 Conjurations
 + Level 15.3 Hexes
 + Level 15.3 Summonings
 + Level 15.3 Necromancy
 + Level 15.3 Translocations
 + Level 15.3 Fire Magic
 + Level 15.3 Ice Magic
 + Level 15.3 Air Magic
 + Level 15.3 Earth Magic
 + Level 16.1 Alchemy
 + Level 19.4 Invocations
 + Level 18.0 Evocations
 + Level 18.2 Shapeshifting


You had 12 spell levels left.
You knew the following spells:

 Your Spells              Type           Power      Damage    Failure   Level
a - Fireball              Conj/Fire      65%        3d25      1%          5
b - Airstrike             Air            54%        2d(8-24)  1%          4
c - Ozocubu's Refrigerat  Ice            54%        4d19      2%          7
d - Olgreb's Toxic Radia  Alch           100%       N/A       1%          4
e - Freezing Cloud        Conj/Ice/Air   54%        6-21      1%          5
f - Iskenderun's Mystic   Conj/Tloc      100%       2d19      1%          4
g - Starburst             Conj/Fire      65%        6d17      1%          6
h - Blink                 Tloc           100%       N/A       0%          2
i - Bombard               Conj/Erth      54%        9d9       1%          6
j - Spellforged Servitor  Conj/Summ      54%        N/A       2%          7

Your spell library contained the following spells:

 Spells                   Type           Power      Damage    Failure   Level
 Apportation              Tloc           100%       N/A       0%          1
 Foxfire                  Conj/Fire      100%       2x1d9     0%          1
 Kiss of Death            Conj/Necr      100%       2d13      0%          1
 Magic Dart               Conj           100%       1d8       0%          1
 Necrotise                Necr           100%       1d9       0%          1
 Sandblast                Erth           100%       2d20      0%          1
 Shock                    Conj/Air       100%       1d9       0%          1
 Slow                     Hex            100%       N/A       0%          1
 Sting                    Conj/Alch      100%       1d9       0%          1
 Summon Small Mammal      Summ           100%       N/A       0%          1
 Call Imp                 Summ           100%       N/A       0%          2
 Cigotuvi's Dreadful Rot  Necr/Alch/Air  100%       N/A       0%          2
 Ensorcelled Hibernation  Hex/Ice        100%       N/A       0%          2
 Jinxbite                 Hex            100%       N/A       0%          2
 Lesser Beckoning         Tloc           100%       N/A       0%          2
 Mercury Vapours          Alch/Air       100%       N/A       0%          2
 Momentum Strike          Conj/Tloc      100%       3d10      0%          2
 Scorch                   Fire           100%       2d9       0%          2
 Searing Ray              Conj           100%       2d8       0%          2
 Static Discharge         Conj/Air       100%       3-8/arc   0%          2
 Sublimation of Blood     Necr           100%       N/A       0%          2
 Call Canine Familiar     Summ           100%       N/A       0%          3
 Confusing Touch          Hex            100%       N/A       0%          3
 Dazzling Flash           Conj/Hex       100%       N/A       0%          3
 Frozen Ramparts          Ice            100%       1d16      0%          3
 Fugue of the Fallen      Necr           100%       N/A       0%          3
 Gell's Gravitas          Tloc           100%       N/A       0%          3
 Hailstorm                Conj/Ice       100%       3d16      0%          3
 Inner Flame              Hex/Fire       100%       N/A       0%          3
 Mephitic Cloud           Conj/Alch/Air  100%       N/A       0%          3
 Ozocubu's Armour         Ice            100%       N/A       0%          3
 Passwall                 Erth           100%       N/A       0%          3
 Sigil of Binding         Hex            100%       N/A       0%          3
 Stone Arrow              Conj/Erth      100%       3d13      0%          3
 Summon Ice Beast         Ice/Summ       100%       N/A       0%          3
 Swiftness                Air            100%       N/A       0%          3
 Teleport Other           Tloc           100%       N/A       0%          3
 Vampiric Draining        Necr           100%       2d13      0%          3
 Volatile Blastmotes      Fire/Tloc      100%       2d18      0%          3
 Anguish                  Hex/Necr       54%        N/A       1%          4
 Animate Armour           Summ/Erth      100%       N/A       1%          4
 Animate Dead             Necr           100%       N/A       1%          4
 Brom's Barrelling Bould  Conj/Erth      100%       2d11      1%          4
 Cause Fear               Hex            54%        N/A       1%          4
 Dimensional Bullseye     Hex/Tloc       54%        N/A       1%          4
 Dispel Undead            Necr           100%       3d31      1%          4
 Flame Wave               Conj/Fire      100%       2d21      1%          4
 Fulminant Prism          Conj/Alch      54%        3d22      1%          4
 Ignite Poison            Fire/Alch      100%       N/A       1%          4
 Leda's Liquefaction      Alch/Erth      54%        N/A       1%          4
 Manifold Assault         Tloc           100%       N/A       1%          4
 Martyr's Knell           Necr/Summ      100%       N/A       1%          4
 Petrify                  Alch/Erth      100%       N/A       1%          4
 Sticky Flame             Fire/Alch      100%       2d15      1%          4
 Summon Blazeheart Golem  Fire/Summ      100%       N/A       1%          4
 Summon Lightning Spire   Summ/Air       100%       N/A       1%          4
 Vhi's Electric Charge    Tloc/Air       100%       N/A       1%          4
 Alistair's Intoxication  Alch           73%        N/A       1%          5
 Arcjolt                  Conj/Air       54%        1d64      1%          5
 Borgnjor's Vile Clutch   Necr/Erth      54%        N/A       1%          5
 Curse of Agony           Necr           100%       N/A       1%          5
 Irradiate                Conj/Alch      54%        3d29      1%          5
 Iskenderun's Battlesphe  Conj           100%       2d15      1%          5
 Lee's Rapid Deconstruct  Erth           54%        3d25*     1%          5
 Metabolic Englaciation   Hex/Ice        54%        N/A       1%          5
 Silence                  Hex/Air        54%        N/A       1%          5
 Summon Forest            Summ/Tloc      54%        N/A       1%          5
 Summon Mana Viper        Hex/Summ       100%       N/A       1%          5
 Yara's Violent Unravell  Hex/Alch       54%        3d21      1%          5
 Conjure Ball Lightning   Conj/Air       54%        3x3d20    1%          6
 Death Channel            Necr           54%        N/A       1%          6
 Dispersal                Tloc           54%        N/A       1%          6
 Eringya's Noxious Bog    Alch           55%        4d6       1%          6
 Sculpt Simulacrum        Ice/Alch       54%        N/A       1%          6
 Summon Cactus Giant      Summ           54%        N/A       1%          6
 Enfeeble                 Hex            54%        N/A       2%          7
 Haunt                    Necr/Summ      54%        N/A       2%          7
 Malign Gateway           Summ/Tloc      54%        N/A       2%          7
 Monstrous Menagerie      Summ           54%        N/A       2%          7
 Orb of Destruction       Conj           54%        9d14      2%          7
 Summon Hydra             Summ           54%        N/A       2%          7
 Borgnjor's Revivificati  Necr           54%        N/A       21%         8
 Discord                  Hex            54%        N/A       21%         8
 Disjunction              Tloc           54%        N/A       21%         8
 Infestation              Necr           54%        N/A       21%         8
 Lehudib's Crystal Spear  Conj/Erth      54%        10d13     21%         8
 Maxwell's Capacitive Co  Air            54%        ∞         21%         8
 Summon Horrible Things   Summ           54%        N/A       21%         8
 Chain Lightning          Conj/Air       54%        3d72      97%         9
 Death's Door             Necr           54%        N/A       97%         9
 Dragon's Call            Summ           54%        N/A       97%         9
 Fire Storm               Conj/Fire      65%        8d17      97%         9
 Polar Vortex             Ice            54%        12d7*     97%         9


Dungeon Overview and Level Annotations

Branches:
Dungeon (15/15)            Temple (1/1) D:7            Lair (5/5) D:10
  Swamp (4/4) Lair:3       Spider (4/4) Lair:3        Slime (0/5) Lair:4
    Orc (2/2) D:11            Elf (3/3) Orc:2        Vaults (5/5) D:13
  Crypt (3/3) Vaults:2       Tomb (0/3) Crypt:3      Depths (4/4) D:15
    Zot (0/5) Depths:4      IceCv (visited)          WizLab (visited)

Altars:
Ashenzari
Cheibriados
Dithmenos
Elyvilon
Fedhas
Gozag
Hepliaklqana
Kikubaaqudgha
Makhleb
Nemelex Xobeh
Okawaru
Qazlal
Ru
Sif Muna
Trog
Uskayaw
Vehumet
Wu Jian
Xom
Yredelemnul
Zin
The Shining One
Jiyva
Lugonu

Shops:
D:2 [   D:11 *   Orc:2 :(:[*   Elf:1 [   Elf:2 :   Elf:3 *   Vaults:1 (
Vaults:4 (   Depths:1 *   Depths:2 *=:=

Portals:
Hell: Depths:1 Depths:2 Depths:3 Depths:4
Abyss: Depths:3
Pandemonium: Depths:1 Depths:2
Ziggurat: Depths:2

Annotations:
D:7 Joseph
D:9 1 runed translucent door
D:15 Roxanne
Elf:2 3 runed translucent doors


Innate Abilities, Weirdness & Mutations

You have very sharp teeth.
Your uncanny sense of smell can sniff out nearby items.
Your experience applies equally to all skills.


Message History

The vault guard hits you but does no damage.
Casting: Ozocubu's Refrigeration (dangerous; 3% risk of failure)
Confirm with . or Enter, or press ? or * to list all spells.
You feel a surge of power!
The heat is drained from your surroundings.
The vault guard is heavily wounded.
The vault guard is almost dead.
The vault guard is heavily wounded.
The vault guard is moderately wounded.
The vault guard is heavily wounded.
The vault guard is severely wounded.
The vault guard is heavily wounded. x3
The vault guard is severely wounded.
The vault guard is heavily wounded. x3
The vault guard is severely wounded.
The vault guard is heavily wounded.
The vault guard is severely wounded. x2
The vault guard is heavily wounded.
The vault guard is almost dead.
The vault guard is severely wounded. x3
The vault guard is heavily wounded. x2
The shadow dragon resists.
The shadow dragon is lightly wounded.
The phantasmal warrior resists.
The phantasmal warrior is heavily damaged.
The ironbound preserver is heavily wounded.
You kill the deep troll!
Sif Muna accepts your kill.
The troll leather armour is intact enough to wear.
The deep troll is almost dead.
You kill the deep troll!
Sif Muna accepts your kill.
The deep troll is severely wounded. x2
The vault guard is no longer moving slowly. x3
The vault guard hits you with a +0 war axe.
The vault guard misses you. The vault guard completely misses you.
The deep troll closely misses you. The deep troll completely misses you.
The deep troll closely misses you. You block the vault guard's attack.
The vault guard misses you. You block the vault guard's attack.
The vault guard hits you but does no damage.
The ironbound preserver gestures wildly while chanting.
The ironbound preserver is healed somewhat.
The vault guard hits you but does no damage.
Casting: Ozocubu's Refrigeration (dangerous; 3% risk of failure)
Confirm with . or Enter, or press ? or * to list all spells.
You feel a surge of power!
The heat is drained from your surroundings.
The vault guard is severely wounded.
You kill the vault guard!
Sif Muna accepts your kill.
The vault guard is severely wounded.
The vault guard is moderately wounded.
The vault guard is almost dead. x3
The vault guard is severely wounded. x2
The vault guard is almost dead.
The vault guard is severely wounded. x3
You kill the vault guard!
Sif Muna accepts your kill.
The vault guard is severely wounded.
The vault guard is almost dead.
You kill the vault guard!
Sif Muna accepts your kill.
The vault guard is severely wounded.
You kill the vault guard!
Sif Muna accepts your kill.
The vault guard is almost dead.
You kill the vault guard!
Sif Muna accepts your kill.
The vault guard is almost dead. x2
The vault guard is severely wounded.
The shadow dragon resists.
The shadow dragon is lightly wounded.
The phantasmal warrior resists.
The phantasmal warrior is almost destroyed.
The ettin is heavily wounded.
The ironbound preserver is heavily wounded.
You kill the deep troll!
Sif Muna accepts your kill.
The deep troll is almost dead. x2
The vault guard is no longer moving slowly.
The deep troll is no longer moving slowly.
The deep troll misses you. The deep troll completely misses you.
The deep troll misses you. You block the vault guard's attack. x2
The vault guard misses you.
The vault guard hits you but does no damage. x2
The vault guard hits you with a +0 war axe.
Casting: Ozocubu's Refrigeration (dangerous; 3% risk of failure)
Confirm with . or Enter, or press ? or * to list all spells.
You feel a surge of power!
The heat is drained from your surroundings.
The vault guard is heavily wounded.
You kill the vault guard!
Sif Muna accepts your kill.
You kill the vault guard!
Sif Muna accepts your kill.
The vault guard is almost dead.
The vault guard is severely wounded.
The vault guard is almost dead. x4
The vault guard is severely wounded.
The vault guard is almost dead.
You kill the vault guard!
Sif Muna accepts your kill.
The vault guard is almost dead.
You kill the vault guard!
Sif Muna accepts your kill.
You kill the vault guard!
Sif Muna accepts your kill.
You kill the vault guard!
Sif Muna accepts your kill.
The vault guard is almost dead.
The shadow dragon resists.
The shadow dragon is lightly wounded.
The phantasmal warrior resists.
You destroy the phantasmal warrior!
Sif Muna accepts your kill.
The ettin is severely wounded.
The ironbound preserver is severely wounded.
You kill the deep troll!
Sif Muna accepts your kill.
You kill the deep troll!
Sif Muna accepts your kill.
The vault guard is no longer moving slowly. x2
The vault guard barely misses you.
The vault guard hits you but does no damage.
Casting: Ozocubu's Refrigeration (dangerous; 3% risk of failure)
Confirm with . or Enter, or press ? or * to list all spells.
You feel a surge of power!
The heat is drained from your surroundings.
The vault guard is almost dead. x2
The vault guard is severely wounded.
You kill the vault guard!
Sif Muna accepts your kill.
You kill the vault guard!
Sif Muna accepts your kill.
You kill the vault guard!
Sif Muna accepts your kill.
The vault guard is almost dead. x2
You kill the vault guard!
Sif Muna accepts your kill.
The vault guard is almost dead.
You kill the vault guard!
Sif Muna accepts your kill.
You kill the vault guard!
Sif Muna accepts your kill.
You kill the vault guard!
Sif Muna accepts your kill.
The shadow dragon resists.
The shadow dragon is lightly wounded.
The ettin is severely wounded.
The ironbound preserver is almost dead.
The vault guard is no longer moving slowly.
The ettin is no longer moving slowly.
The vault guard misses you.
The vault guard hits you with a +0 war axe.
Your Alchemy skill increases to level 16!
Casting: Ozocubu's Refrigeration (dangerous; 3% risk of failure)
Confirm with . or Enter, or press ? or * to list all spells.
You feel a surge of power!
The heat is drained from your surroundings.
You kill the vault guard!
Sif Muna accepts your kill.
You kill the vault guard!
Sif Muna accepts your kill.
The vault guard is almost dead.
You kill the vault guard!
Sif Muna accepts your kill.
You kill the vault guard!
Sif Muna accepts your kill.
The vault guard is almost dead.
The shadow dragon resists.
The shadow dragon is lightly wounded.
The ettin is almost dead.
You kill the ironbound preserver!
Sif Muna accepts your kill.
The ettin hits you with a +0 dire flail! x2
The vault guard completely misses you. x2
A golden dragon comes into view.
Casting: Ozocubu's Refrigeration (dangerous; 3% risk of failure)
Confirm with . or Enter, or press ? or * to list all spells.
You feel a surge of power!
The heat is drained from your surroundings.
The golden dragon resists.
The golden dragon roars deafeningly!
The golden dragon is lightly wounded.
The vault guard is almost dead.
You kill the vault guard!
Sif Muna accepts your kill.
The shadow dragon resists.
The shadow dragon is moderately wounded.
You kill the ettin!
Sif Muna accepts your kill.
You radiate an aura of cold.
The vault guard seems to slow down.
The shadow dragon is unaffected.
The golden dragon is unaffected.
You hear a shout!
The vault guard hits you with a +0 battleaxe.
The shadow dragon breathes negative energy at you.
The bolt of negative energy misses you.
You hit the vault guard but do no damage.
The vault guard is almost dead.
You impale the vault guard!!
You kill the vault guard!
Sif Muna accepts your kill.
You see here a book of Iron {god gift}.
Sif Muna grants you a gift!
You radiate an aura of cold.
The shadow dragon is unaffected.
The golden dragon is unaffected.
The shadow dragon breathes negative energy at you.
The bolt of negative energy misses you.
A dread lich comes into view.
You block the shadow dragon's attack. x2; The shadow dragon claws you.
Casting: Ozocubu's Refrigeration (dangerous; 3% risk of failure)
Confirm with . or Enter, or press ? or * to list all spells.
You feel a surge of power!
You summon a servant imbued with your destructive magic!
The shadow dragon bites you. The shadow dragon barely misses you.
The shadow dragon claws you but does no damage.
A phantasmal warrior comes into view.
Your spellforged servitor casts a spell at the shadow dragon.
The iron shot hits the shadow dragon!!!
The dread lich casts a spell.
Send 'em back where they came from!
Your spellforged servitor disappears in a puff of smoke!
The shadow dragon bites you but does no damage.
The shadow dragon closely misses you. The shadow dragon barely misses you.
Casting: Spellforged Servitor (mildly dangerous; 2% risk of failure)
Confirm with . or Enter, or press ? or * to list all spells.
Aiming: Bombard (mildly dangerous; 1% risk of failure)
Press: ? - help, Shift-Dir - straight line, f - shadow dragon
Aim: a shadow dragon (heavily wounded, 79% to hit)
You feel a surge of power!
The iron shot hits the shadow dragon!!!
The shadow dragon is severely wounded.
The golden dragon breathes cold at you. The bolt of cold misses you.
The bolt of cold hits the shadow dragon!
The shadow dragon resists.
The shadow dragon breathes negative energy at you.
The bolt of negative energy hits you!!!
You feel drained.
* * * LOW HITPOINT WARNING * * *
You hear a horrible gurgling sound!
You hear a shout! x2
Your magical contamination has completely faded away.
The phantasmal warrior gestures at you.
The phantasmal warrior blinks!
You block the shadow dragon's attack.
The shadow dragon claws you but does no damage. x2
You climb upwards.
There is a stone staircase leading down here.
Casting: Bombard (mildly dangerous; 1% risk of failure)
Confirm with . or Enter, or press ? or * to list all spells.
Aiming: Bombard (mildly dangerous; 1% risk of failure)
Press: ? - help, Shift-Dir - straight line, f - shadow dragon
Aim: a shadow dragon (almost dead, 79% to hit)
You feel a surge of power!
The iron shot hits the shadow dragon!!!
You kill the shadow dragon!
Sif Muna accepts your kill. The blast sends you backwards.
You start resting.
Magic restored.
You start resting.
You feel less invigorated.
You start resting.
You feel a little less clever now.
You start resting.
HP restored.
There is an open door here.
There is an open door here.
You see here a +0 flail.
You see here a dire elephant skeleton.
There is an open door here.
There is a stone staircase leading down here.
You climb downwards.
Found a potion of curing.
There is a stone staircase leading up here.
Things that are here:
a +0 chain mail; a +0 dire flail
Casting: Bombard (mildly dangerous; 1% risk of failure)
Confirm with . or Enter, or press ? or * to list all spells.
Aiming: Bombard (mildly dangerous; 1% risk of failure)
Press: ? - help, Shift-Dir - straight line, f - dread lich
Aim: a dread lich (76% to hit)
The iron shot hits the dread lich!!
The dread lich is lightly damaged.
The blast sends you backwards.
You radiate an aura of cold.
The dread lich is unaffected.
The phantasmal warrior is unaffected.
Casting: Bombard (mildly dangerous; 1% risk of failure)
Confirm with . or Enter, or press ? or * to list all spells.
You summon a servant imbued with your destructive magic!
The phantasmal warrior hits you!
Casting: Spellforged Servitor (dangerous; 2% risk of failure)
Confirm with . or Enter, or press ? or * to list all spells.
Aiming: Bombard (mildly dangerous; 1% risk of failure)
Press: ? - help, Shift-Dir - straight line, f/p - dread lich
Aim: a dread lich (lightly damaged, ally target, 76% to hit)
The iron shot hits the dread lich!!
The dread lich is heavily damaged.
A cyan very ugly thing comes into view.
You block the phantasmal warrior's attack.
The dread lich closely misses you.
Your spellforged servitor gestures at the dread lich while chanting.
The iron shot hits the dread lich!!
Your spellforged servitor is knocked back by the blast.
Casting: Bombard (mildly dangerous; 1% risk of failure)
Confirm with . or Enter, or press ? or * to list all spells.
Aiming: Bombard (mildly dangerous; 1% risk of failure)
Press: ? - help, Shift-Dir - straight line, f/p - dread lich
Aim: a dread lich (severely damaged, not watching you, ally target, 76% to hit)
The iron shot hits the dread lich!!
The dread lich is almost destroyed.
The dread lich casts a spell at you. You resist with some effort.
You block the phantasmal warrior's attack.
Casting: Bombard (mildly dangerous; 1% risk of failure)
Confirm with . or Enter, or press ? or * to list all spells.
Aiming: Bombard (mildly dangerous; 1% risk of failure)
Press: ? - help, Shift-Dir - straight line, f/p - dread lich
Aim: a dread lich (almost destroyed, ally target, 76% to hit)
The iron shot hits the dread lich!!!
You destroy the dread lich!
Sif Muna accepts your kill.
A fire giant comes into view.
It is wielding a +2 great sword of flaming.
The phantasmal warrior hits you but does no damage.
Your spellforged servitor casts a spell at the phantasmal warrior.
The iron shot hits the phantasmal warrior!!!
Your spellforged servitor is knocked back by the blast.
There is a stone staircase leading up here.
Things that are here:
a +0 chain mail; a +0 dire flail You barely miss the cyan very ugly thing.
You radiate an aura of cold.
The cyan very ugly thing seems to slow down.
The phantasmal warrior is unaffected.
Your spellforged servitor is unaffected.
The fire giant seems to slow down.
The phantasmal warrior hits your spellforged servitor.
Your spellforged servitor casts a spell at the phantasmal warrior.
The iron shot hits the phantasmal warrior!!!
The phantasmal warrior is destroyed!
Sif Muna accepts your kill.
Your spellforged servitor is knocked back by the blast.
You barely miss the cyan very ugly thing.
Your bite misses the cyan very ugly thing.
You puncture the cyan very ugly thing!
The cyan very ugly thing is lightly wounded.
An ironbound convoker comes into view. It is wielding a +0 great mace.
A phantasmal warrior comes into view.
The cyan very ugly thing barely misses you.
You hit the cyan very ugly thing.
The cyan very ugly thing is lightly wounded.
Casting: Bombard (mildly dangerous; 1% risk of failure)
Confirm with . or Enter, or press ? or * to list all spells.
You begin to radiate toxic energy.
The ironbound convoker is poisoned.
The fire giant is poisoned.
The cyan very ugly thing is poisoned.
You radiate an aura of cold.
The cyan very ugly thing resists.
The fire giant resists.
Your spellforged servitor is unaffected.
The phantasmal warrior is unaffected.
The ironbound convoker seems to slow down.
The ironbound convoker looks even sicker.
The fire giant looks even sicker.
The cyan very ugly thing is no longer moving slowly.
Your spellforged servitor points at the cyan very ugly thing and mumbles some strange words.
The iron shot hits the cyan very ugly thing!!!
Your spellforged servitor is knocked back by the blast.
The ironbound convoker begins to recite a word of recall!
Casting: Olgreb's Toxic Radiance (safe; 1% risk of failure)
Confirm with . or Enter, or press ? or * to list all spells.
The heat is drained from your surroundings.
The ironbound convoker is almost dead.
The fire giant is heavily wounded.
Your spellforged servitor resists.
Your spellforged servitor is lightly damaged.
The cyan very ugly thing is almost dead.
The phantasmal warrior resists.
The phantasmal warrior is lightly damaged.
* * * LOW MAGIC WARNING * * *
You kill the ironbound convoker!
Sif Muna accepts your kill.
The fire giant is no longer moving slowly.
You block the cyan very ugly thing's attack.
The fire giant points at you and mumbles some strange words.
The bolt of fire hits you. You resist.
You hit the cyan very ugly thing.
You kill the cyan very ugly thing!
Sif Muna accepts your kill.
Your spellforged servitor points at the fire giant and mumbles some strange words.
The iron shot hits the fire giant!!
Your Shapeshifting skill increases to level 18!
You reach to attack!
You impale the fire giant!!
You kill the fire giant!
Sif Muna accepts your kill. The phantasmal warrior gestures at you.
The phantasmal warrior blinks!
There is an escape hatch in the ceiling, spattered with blood here.
Items here: ) [ ÷÷.
You reach to attack!
You impale the phantasmal warrior!!
The phantasmal warrior is heavily damaged.
The phantasmal warrior gestures at you.
The phantasmal warrior blinks!
Your spellforged servitor casts a spell at the phantasmal warrior.
The iron shot hits the phantasmal warrior!!!
The phantasmal warrior is destroyed!
Sif Muna accepts your kill.
Your spellforged servitor is knocked back by the blast.
Items here: ))) [ ÷÷.
No target in view!
No target in view!
Your toxic aura wanes.
You pick up a book of Iron {god gift} and begin reading...
You add the spell Lee's Rapid Deconstruction to your library.
There is a stone staircase leading up, spattered with blood here.
You climb upwards.
There is a stone staircase leading down here.
You start resting.
HP restored.
You start resting.
Magic restored.
You climb downwards.
There is a stone staircase leading up, spattered with blood here.
Items here: ))) [[[ ÷.
Items here: ))) [ ÷÷.
There is an escape hatch in the ceiling here.
An ettin comes into view.
It is wielding a +0 dire flail and a +0 great mace.
You see here a +2 great sword of flaming.
The iron shot hits the ettin!!
The ettin is heavily wounded.
The ettin shouts in stereo!
The blast sends you backwards.
The iron shot hits the ettin!!!
You kill the ettin!
Sif Muna accepts your kill.
HP restored.
A golden dragon is nearby!
A golden dragon is nearby!
A golden dragon is nearby!
You radiate an aura of cold.
The golden dragon is unaffected.
You see here a +2 great sword of flaming.
Casting: Bombard (mildly dangerous; 1% risk of failure)
Confirm with . or Enter, or press ? or * to list all spells.
You summon a servant imbued with your destructive magic!
The golden dragon roars deafeningly!
The iron shot hits the golden dragon!!!
The golden dragon is moderately wounded.
Your spellforged servitor casts a spell at the golden dragon.
The iron shot hits the golden dragon!!
Your spellforged servitor is knocked back by the blast.
You radiate an aura of cold.
The golden dragon is unaffected.
Your spellforged servitor is unaffected.
The golden dragon breathes fire at your spellforged servitor.
The bolt of fire misses your spellforged servitor.
Your spellforged servitor casts a spell at the golden dragon.
The iron shot hits the golden dragon!!
Your spellforged servitor is knocked back by the blast.
The iron shot hits the golden dragon!!
You kill the golden dragon!
Sif Muna accepts your kill.
A titan comes into view.
A titan is nearby!
A titan is nearby!
The iron shot hits the titan!!
The titan is moderately wounded.
The titan shouts!
The blast sends you backwards.
The titan waves its arms in wide circles.
The air twists around and strikes you!!
Your spellforged servitor gestures at the titan while chanting.
The iron shot hits the titan!!
You radiate an aura of cold.
Your spellforged servitor is unaffected.
The titan resists.
The iron shot hits the titan!!
The titan is severely wounded.
The blast sends you backwards.
The titan waves its arms in wide circles.
The air twists around and strikes you!!!
Your spellforged servitor gestures at the titan while chanting.
The iron shot hits the titan!!!
The titan dies!
Sif Muna accepts your kill.
Your spellforged servitor is knocked back by the blast.
Your life force feels restored.
Your spellforged servitor disappears in a puff of smoke!
Magic restored.
A vault sentinel comes into view. It is wielding a +0 war axe.
A vault sentinel is nearby!
Items here: )) [[ ÷.
You see here a +2 great sword of flaming.
You can't see any susceptible monsters within range! (Use Z to cast anyway.)
You can't see any susceptible monsters within range! (Use Z to cast anyway.)
You can't see any susceptible monsters within range! (Use Z to cast anyway.)
Found a scroll of amnesia.
You can't see any susceptible monsters within range! (Use Z to cast anyway.)
Casting: Bombard (mildly dangerous; 1% risk of failure)
Confirm with . or Enter, or press ? or * to list all spells.
You summon a servant imbued with your destructive magic!
The vault sentinel shouts!
The iron shot hits the vault sentinel!!
The vault sentinel is heavily wounded.
You radiate an aura of cold.
Your spellforged servitor is unaffected.
The vault sentinel seems to slow down.
The vault sentinel points at you and mumbles some strange words.
You resist with significant effort.
The iron shot hits the vault sentinel!!!
You kill the vault sentinel!
Sif Muna accepts your kill. The blast sends you backwards.
A golden dragon comes into view.
The golden dragon breathes poison at you.
The blast of poison engulfs you.
You are poisoned.
You resist.
Your spellforged servitor casts a spell at the golden dragon.
The iron shot hits the golden dragon!!
Your spellforged servitor is knocked back by the blast.
You radiate an aura of cold.
Your spellforged servitor is unaffected.
The golden dragon is unaffected.
You feel very sick.
You feel very sick.
Your spellforged servitor gestures at the golden dragon while chanting.
The iron shot hits the golden dragon!
Your spellforged servitor is knocked back by the blast.
The iron shot hits the golden dragon!!
The golden dragon is severely wounded.
The blast sends you backwards.
You feel sick.
The iron shot hits the golden dragon!!!
You kill the golden dragon!
Sif Muna accepts your kill.
The gold dragon scales are intact enough to wear.
The blast sends you backwards.
You feel sick.
An ettin comes into view.
It is wielding a +1 dire flail of holy wrath and a +1 dire flail of protection.
You feel sick.
You feel sick.
Your spellforged servitor casts a spell at the ettin.
The iron shot hits the ettin!!!
Your spellforged servitor is knocked back by the blast.
You radiate an aura of cold.
Your spellforged servitor is unaffected.
The ettin seems to slow down.
You feel sick.
You feel sick.
Your spellforged servitor gestures at the ettin while chanting.
The iron shot hits the ettin!!
The ettin dies!
Sif Muna accepts your kill.
Your spellforged servitor is knocked back by the blast.
You feel sick.
You are no longer poisoned.
A fire giant comes into view.
It is wielding a +0 great sword of flaming.
A fire giant is nearby!
A fire giant is nearby!
The iron shot hits the fire giant!!
The fire giant is moderately wounded.
The iron shot hits the fire giant!!!
The fire giant is severely wounded.
A fire giant is nearby!
The iron shot hits the fire giant!!
You kill the fire giant!
Sif Muna accepts your kill.
A vault sentinel comes into view.
It is wielding a +0 morningstar and wearing the ring of Odiutug {rElec rPois rF+ Dex+3 Stlth-}.
A vault sentinel is nearby!
A vault sentinel is nearby!
What are your orders? t - Bark!
Orders for allies: a - Attack new target. r - Retreat! s - Stop attacking. g - Guard the area. f - Follow me.
Anything else - Cancel.
Gang up on whom?
Press: ? - help, Dir - move target, f - vault sentinel
Aim: a vault sentinel, wielding a +0 morningstar, wearing a +0 ring mail and wearing the ring of Odiutug {rElec rPois rF+ Dex+3 Stlth-} Attack!
The vault sentinel gestures at you while chanting.
A sentinel's mark forms upon you.
The vault sentinel blows a loud note on a signal horn!
You hear a shout! x10
You hear a shout! x3; You hear a horrible gurgling sound!
You hear a shout! x3
Your spellforged servitor points at the vault sentinel and mumbles some strange words.
The iron shot hits the vault sentinel!!!
Your spellforged servitor is knocked back by the blast.
You hear a shout!
A storm dragon comes into view.
You see here a +2 great sword of flaming.
The vault sentinel blows a loud note on a signal horn!
Your spellforged servitor points at the vault sentinel and mumbles some strange words.
The iron shot hits the vault sentinel!!
The vault sentinel dies!
Sif Muna accepts your kill.
Your spellforged servitor is knocked back by the blast.
There is a stone staircase leading up here.
Things that are here:
a +0 troll leather armour; a deep troll skeleton You climb upwards.
There is a stone staircase leading down here.
You start resting.
The sentinel's mark upon you fades away.
You start resting.
Magic restored.
You start resting.
HP restored.
You climb downwards.
There is a stone staircase leading up here.
Things that are here:
a +0 troll leather armour; a deep troll skeleton
Casting: Bombard (mildly dangerous; 1% risk of failure)
Confirm with . or Enter, or press ? or * to list all spells.
You summon a servant imbued with your destructive magic!
The iron shot hits the phantasmal warrior!
The phantasmal warrior is moderately damaged.
The blast sends you backwards.
Your spellforged servitor points at the phantasmal warrior and mumbles some strange words.
The iron shot hits the phantasmal warrior!!
You reach to attack!
You catch the helpless phantasmal warrior completely off-guard!
You impale the phantasmal warrior!!
You destroy the phantasmal warrior!
Sif Muna accepts your kill.
You radiate an aura of cold.
Your spellforged servitor is unaffected.
The tentacled monstrosity is unaffected.
The ettin seems to slow down.
The storm dragon seems to slow down.
There is a stone staircase leading up here.
Things that are here:
a +0 troll leather armour; a deep troll skeleton The iron shot hits the tentacled monstrosity!!!
The tentacled monstrosity is moderately wounded.
The blast sends you backwards.
Your spellforged servitor points at the tentacled monstrosity and mumbles some strange words.
The iron shot hits the tentacled monstrosity!!!
Your spellforged servitor is knocked back by the blast.
The iron shot hits the tentacled monstrosity!!
The tentacled monstrosity is almost dead.
The blast sends you backwards. 2 deep trolls come into view.
The deep troll moves out of view.
You puncture the storm dragon!
The storm dragon convulses!
You bite the storm dragon, but do no damage.
The storm dragon is moderately wounded.
You radiate an aura of cold.
The storm dragon seems to slow down.
The tentacled monstrosity is unaffected.
Your spellforged servitor is unaffected.
The ettin resists.
The deep troll seems to slow down.
The ettin is no longer moving slowly.
Your spellforged servitor gestures at the tentacled monstrosity while chanting.
The iron shot hits the tentacled monstrosity!
The tentacled monstrosity dies!
Sif Muna accepts your kill.
A tentacled monstrosity comes into view.
You hit the storm dragon.
The storm dragon convulses.
Your bite misses the storm dragon.
The storm dragon is moderately wounded.
You impale the storm dragon!!
The storm dragon convulses!!
The storm dragon is severely wounded.
The storm dragon breathes lightning at you.
The bolt of lightning hits you! You resist.
You hear a shout! x2; You hear a horrible gurgling sound!
You hear a deafening roar!
You hit the storm dragon.
The storm dragon convulses.
The storm dragon is severely wounded.
Your spellforged servitor points at the storm dragon and mumbles some strange words.
The iron shot hits the storm dragon!!
Your spellforged servitor is knocked back by the blast.
You impale the storm dragon!!
You kill the storm dragon!
Sif Muna accepts your kill.
An ironbound preserver comes into view. It is wielding a +0 great mace.
A fire giant comes into view.
It is wielding a +0 great sword of flaming.
You feel clever all of a sudden.
You radiate an aura of cold.
The tentacled monstrosity is unaffected.
The ettin resists.
The ironbound preserver seems to slow down.
The deep troll seems to slow down.
Your spellforged servitor is unaffected.
The deep troll seems to slow down.
The fire giant seems to slow down.
An ironbound preserver comes into view. It is wielding a +0 morningstar.
You block the ettin's attack. x2
Your spellforged servitor gestures at the ettin while chanting.
The iron shot hits the ettin!!!
Your spellforged servitor is knocked back by the blast.
A stone giant comes into view.
A fire giant comes into view.
It is wielding a +1 great sword of flaming.
The ettin hits you with a +0 dire flail!!
The ettin hits you with a +0 dire flail.
The fire giant points at you and mumbles some strange words.
The bolt of fire hits you! You resist.
A phantasmal warrior comes into view.
The stone giant throws a large rock.
The large rock hits you!!!
Your spellforged servitor casts a spell at the ettin.
The iron shot hits the ettin!!!
The ettin dies!
Sif Muna accepts your kill.
Your spellforged servitor is knocked back by the blast.
You hear a shout! x2
You are too injured to fight recklessly!
Casting: Bombard (mildly dangerous; 1% risk of failure)
Confirm with . or Enter, or press ? or * to list all spells.
Aiming: Bombard (mildly dangerous; 1% risk of failure)
Press: ? - help, Shift-Dir - straight line, f - tentacled monstrosity
Aim: a tentacled monstrosity (93% to hit)
You feel a surge of power!
The iron shot misses the tentacled monstrosity.
The deep troll is no longer moving slowly.
A yaktaur captain comes into view.
A phantasmal warrior comes into view.
The fire giant casts a spell at you.
The bolt of fire hits you but does no damage.
Casting: Bombard (mildly dangerous; 1% risk of failure)
Confirm with . or Enter, or press ? or * to list all spells.
Aiming: Bombard (mildly dangerous; 1% risk of failure)
Press: ? - help, Shift-Dir - straight line, f/p - tentacled monstrosity
Aim: a tentacled monstrosity (93% to hit)
You feel a surge of power!
The iron shot hits the tentacled monstrosity!!!
The tentacled monstrosity is heavily wounded.
You radiate an aura of cold.
The tentacled monstrosity is unaffected.
The yaktaur captain seems to slow down.
The deep troll seems to slow down.
The deep troll resists.
The phantasmal warrior is unaffected.
The stone giant seems to slow down.
Your spellforged servitor is unaffected.
The ironbound preserver seems to slow down.
The fire giant resists.
The fire giant seems to slow down.
The phantasmal warrior is unaffected.
The fire giant is no longer moving slowly.
A storm dragon comes into view.
You block the tentacled monstrosity's attack.
The tentacled monstrosity tentacle-slaps you but does no damage.
The tentacled monstrosity completely misses you.
The tentacled monstrosity grabs you.
The tentacled monstrosity constricts you.
Casting: Bombard (mildly dangerous; 1% risk of failure)
Confirm with . or Enter, or press ? or * to list all spells.
Aiming: Bombard (mildly dangerous; 1% risk of failure)
Press: ? - help, Shift-Dir - straight line, f/p - tentacled monstrosity
Aim: a tentacled monstrosity (heavily wounded, constricting you, 93% to hit)
You feel a surge of power!
The iron shot hits the tentacled monstrosity!!
The tentacled monstrosity is severely wounded.
The deep troll is no longer moving slowly.
An ogre mage comes into view. It is wielding a +0 spear.
A dread lich comes into view.
The tentacled monstrosity tentacle-slaps you!
The tentacled monstrosity closely misses you.
You block the tentacled monstrosity's attack.
The tentacled monstrosity constricts you.
Your spellforged servitor casts a spell at the fire giant.
The iron shot hits the fire giant!!
Your spellforged servitor is knocked back by the blast.
Casting: Bombard (mildly dangerous; 1% risk of failure)
Confirm with . or Enter, or press ? or * to list all spells.
Aiming: Bombard (mildly dangerous; 1% risk of failure)
Press: ? - help, Shift-Dir - straight line, f/p - tentacled monstrosity
Aim: a tentacled monstrosity (severely wounded, constricting you, 93% to hit)
You feel a surge of power!
The iron shot hits the tentacled monstrosity!!!
You kill the tentacled monstrosity!
Sif Muna accepts your kill.
You radiate an aura of cold.
The ogre mage seems to slow down.
The deep troll seems to slow down.
The phantasmal warrior is unaffected.
The yaktaur captain seems to slow down.
The deep troll seems to slow down.
The stone giant seems to slow down.
Your spellforged servitor is unaffected.
The ironbound preserver seems to slow down.
The fire giant seems to slow down.
The storm dragon resists.
The fire giant resists.
The phantasmal warrior is unaffected.
The dread lich is unaffected.
A deep troll comes into view.
You feel yourself speed up.
The fire giant is no longer moving slowly.
The ogre mage gestures at you while chanting.
You resist with almost no effort.
Your spellforged servitor points at the fire giant and mumbles some strange words.
The iron shot hits the fire giant!!
Your spellforged servitor is knocked back by the blast.
You block the deep troll's attack. x2; The deep troll claws you.
The deep troll bites you! The deep troll barely misses you.
The deep troll completely misses you. The phantasmal warrior gestures at you.
The phantasmal warrior blinks!
You hear a shout!
Casting: Bombard (mildly dangerous; 1% risk of failure)
Confirm with . or Enter, or press ? or * to list all spells.
You feel a surge of power!
The heat is drained from your surroundings.
The phantasmal warrior resists.
The phantasmal warrior is lightly damaged.
Your spellforged servitor resists.
Your spellforged servitor is lightly damaged.
The fire giant is severely wounded.
The fire giant is lightly wounded.
The storm dragon is lightly wounded.
The stone giant is moderately wounded.
The dread lich resists.
The dread lich is lightly damaged.
The ogre mage is heavily wounded.
The ironbound preserver is lightly wounded.
The yaktaur captain is heavily wounded.
The phantasmal warrior resists.
The phantasmal warrior is moderately damaged.
The ironbound preserver is lightly wounded.
The deep troll is moderately wounded.
The deep troll is severely wounded.
The deep troll is moderately wounded.
The ogre mage is no longer moving slowly.
The phantasmal warrior gestures at you.
The phantasmal warrior blinks!
The phantasmal warrior gestures at you.
The phantasmal warrior blinks!
A vault guard comes into view. It is wielding a +2 long sword.
A vault warden comes into view.
It is wielding a +1 great sword of freezing.
The fire giant hits your spellforged servitor with a +1 great sword of flaming!
The deep troll bites you but does no damage.
The deep troll claws you but does no damage.
The deep troll closely misses you. The fire giant casts a spell at you.
The bolt of fire misses you. You block the deep troll's attack. x2
The deep troll misses you.
The stone giant throws a large rock.
The large rock completely misses you.
Your spellforged servitor gestures at the phantasmal warrior while chanting.
The iron shot hits the phantasmal warrior!!!
The phantasmal warrior is destroyed!
Sif Muna accepts your kill.
Casting: Ozocubu's Refrigeration (mildly dangerous; 2% risk of failure)
Confirm with . or Enter, or press ? or * to list all spells.
You feel a surge of power!
The heat is drained from your surroundings.
Your spellforged servitor resists.
Your spellforged servitor is moderately damaged.
The fire giant is severely wounded.
The fire giant is moderately wounded.
The storm dragon is moderately wounded.
The stone giant is moderately wounded.
The dread lich resists.
The dread lich is lightly damaged.
The vault guard is moderately wounded.
You kill the ogre mage!
Sif Muna accepts your kill.
The ironbound preserver is moderately wounded.
You kill the yaktaur captain!
Sif Muna accepts your kill.
The vault warden is heavily wounded.
The phantasmal warrior resists.
The phantasmal warrior is heavily damaged.
The ironbound preserver is moderately wounded.
The deep troll is severely wounded.
You kill the deep troll!
Sif Muna accepts your kill.
The deep troll is heavily wounded.
The fire giant is no longer moving slowly.
The deep troll is no longer moving slowly.
The fire giant hits your spellforged servitor with a +1 great sword of flaming.
You have reached level 26!
Unknown command.
Unknown command.
Casting: Ozocubu's Refrigeration (mildly dangerous; 2% risk of failure)
Confirm with . or Enter, or press ? or * to list all spells.
You feel a surge of power!
The heat is drained from your surroundings.
Your spellforged servitor resists.
Your spellforged servitor is moderately damaged.
The fire giant is almost dead.
The fire giant is heavily wounded.
The storm dragon is moderately wounded.
The stone giant is severely wounded.
The vault guard is heavily wounded.
The ironbound preserver is moderately wounded.
The vault warden is severely wounded.
The phantasmal warrior resists.
The phantasmal warrior is severely damaged.
The ironbound preserver is heavily wounded.
The deep troll is almost dead. x2
The deep troll misses you. The deep troll closely misses you.
The deep troll claws you. The storm dragon closely misses you.
The storm dragon claws you.
* * * LOW HITPOINT WARNING * * *
You block the storm dragon's attack.
The ironbound preserver completely misses you.
The dread lich touches your spellforged servitor!
The ironbound preserver barely misses you.
Unknown command.
Casting: Ozocubu's Refrigeration (mildly dangerous; 2% risk of failure)
Confirm with . or Enter, or press ? or * to list all spells.
You feel a surge of power!
The heat is drained from your surroundings.
Your spellforged servitor resists.
Your spellforged servitor is heavily damaged.
The fire giant is almost dead.
The fire giant is severely wounded.
The storm dragon is heavily wounded.
The stone giant is severely wounded.
The dread lich resists.
The dread lich is lightly damaged.
The vault guard is severely wounded.
The ironbound preserver is heavily wounded.
You kill the vault warden!
Sif Muna accepts your kill.
The phantasmal warrior resists.
The phantasmal warrior is almost destroyed.
The ironbound preserver is heavily wounded.
You kill the deep troll!
Sif Muna accepts your kill.
You kill the deep troll!
Sif Muna accepts your kill.
The fire giant hits your spellforged servitor with a +1 great sword of flaming!!
The fire giant burns your spellforged servitor.
Your spellforged servitor gestures at the fire giant while chanting.
The iron shot hits the fire giant!
The fire giant dies!
Sif Muna accepts your kill.
Your spellforged servitor is knocked back by the blast.
You block the storm dragon's attack. x2; The storm dragon closely misses you.
Casting: Ozocubu's Refrigeration (mildly dangerous; 2% risk of failure)
Confirm with . or Enter, or press ? or * to list all spells.
You feel a surge of power!
The heat is drained from your surroundings.
Your spellforged servitor resists.
Your spellforged servitor is almost destroyed.
The fire giant is almost dead.
The storm dragon is heavily wounded.
You kill the stone giant!
Sif Muna accepts your kill.
The dread lich completely resists.
You kill the vault guard!
Sif Muna accepts your kill.
The ironbound preserver is severely wounded.
The phantasmal warrior resists.
You destroy the phantasmal warrior!
Sif Muna accepts your kill.
The ironbound preserver is severely wounded.
The ironbound preserver is no longer moving slowly.
You block the ironbound preserver's attack.
The dread lich mumbles some strange words.
The dread lich seems to speed up.
The ironbound preserver closely misses you.
Casting: Ozocubu's Refrigeration (mildly dangerous; 2% risk of failure)
Confirm with . or Enter, or press ? or * to list all spells.
You feel a surge of power!
The heat is drained from your surroundings.
Your spellforged servitor resists.
Your spellforged servitor is almost destroyed.
You kill the fire giant!
Sif Muna accepts your kill.
The storm dragon is severely wounded.
The dread lich resists.
The dread lich is lightly damaged.
You kill the ironbound preserver!
Sif Muna accepts your kill.
The ironbound preserver is severely wounded.
The storm dragon breathes lightning at you.
The bolt of lightning hits you! You resist.
* * * LOW HITPOINT WARNING * * *
You hear a shout! x3
Your Fighting skill increases to level 18!
Your Short Blades skill increases to level 18!
Your Long Blades skill increases to level 18!
Your Axes skill increases to level 18!
Your Maces & Flails skill increases to level 18!
Your Staves skill increases to level 18!
Your Ranged Weapons skill increases to level 18!
Your Throwing skill increases to level 18!
Your Armour skill increases to level 18!
Your Shields skill increases to level 18!
Your Unarmed Combat skill increases to level 18!
Your Evocations skill increases to level 18!
A yaktaur captain comes into view.
The ironbound preserver mumbles some strange words.
The ironbound preserver is healed somewhat.
The dread lich casts a spell.
Things that are here:
a +0 dire flail; a +0 dire flail The yaktaur captain wields a +0 arbalest.
The yaktaur captain shoots a bolt.
The bolt completely misses you.
The bolt hits the storm dragon!!
An orc knight comes into view. It is wielding a +2 dire flail.
The storm dragon breathes lightning at you.
The bolt of lightning misses you.
Your spellforged servitor points at the ironbound preserver and mumbles some strange words.
The iron shot hits the ironbound preserver!!
Your spellforged servitor is knocked back by the blast.
The hellion hits your spellforged servitor!
Your spellforged servitor is destroyed!
Your spellforged servitor disappears in a puff of smoke!
The dread lich casts a spell at you.
You suddenly lose the ability to move!
The yaktaur captain shoots a bolt.
The bolt hits you!!
* * * LOW HITPOINT WARNING * * *
The ironbound preserver shouts!
The storm dragon bites you.
* * * LOW HITPOINT WARNING * * *
The storm dragon claws you but does no damage.
The storm dragon tramples you but does no damage.
An ironbound convoker comes into view.
It is wielding a +0 scimitar of flaming and wearing the ring of Cips {rF+ rC+ Str+2}.
The dread lich touches you but does no damage.
The yaktaur captain shoots a bolt.
The bolt hits you!!
* * * LOW HITPOINT WARNING * * *
The storm dragon bites you!
* * * LOW HITPOINT WARNING * * *
The storm dragon claws you.
* * * LOW HITPOINT WARNING * * *
The storm dragon barely misses you.
The ironbound preserver gestures wildly while chanting.
The ironbound preserver is healed somewhat.
The dread lich touches you but does no damage.
The ironbound convoker gestures at something while chanting.
The yaktaur captain shoots a bolt.
The bolt hits you!!
You die...

#.#.)..#..#### .
##.#....#[.....
...##..#....#.....
....[p)..........
#######))...)...####
..........[.[[......
.......p2)<<[[......
.)......)L[)<[[.....
......).)D@<[[......
#######.$..[[[.#####
................#
p...!...#....#...#
######..#).o.##c#.$
∆∆∆#..#....# ###.#
∆∆#..#....# ##
∆#..#....# ∆ #..#
..#


You could see an ironbound preserver, a dread lich (fast), a storm dragon, a
yaktaur captain, an orc knight, an ironbound convoker and a hellion (summoned).

Vanquished Creatures
  An ancient lich (Depths:2)
  2 dread liches
  Saint Roka (Vaults:3)
  Margery (Depths:2)
  8 caustic shrikes (Depths:4)
  2 golden dragons (Vaults:5)
  Nikola (Elf:1)
  A bone dragon (Crypt:3)
  A shard shrike zombie (Crypt:3)
  A hellephant (Depths:2)
  4 tentacled monstrosities
  A titan (Depths:3)
  A shard shrike skeleton (Crypt:3)
  A quicksilver dragon (WizLab)
  A moon troll (WizLab)
  2 liches
  3 deep elf blademasters (Elf:3)
  8 acid blobs
  4 deep elf master archers (Elf:3)
  4 sphinxes
  9 tentacled starspawn (WizLab)
  4 shadow dragons
  Agnes (Spider:1)
  7 tengu reavers
  Kirke (Elf:1)
  Donald (Swamp:4)
  4 storm dragons
  3 azure jellies
  12 fire giants
  A revenant (Crypt:1)
  A draconian monk (Depths:4)
  5 rockslimes
  2 ghost moths (Spider:4)
  A draconian scorcher (Depths:4)
  12 vault wardens
  5 fenstrider witches
  6 frost giants
  An iron dragon (Depths:3)
  An emperor scorpion (Spider:3)
  3 ghouls (Crypt:2)
  8 deep elf sorcerers (Elf:3)
  2 curse skulls
  A caustic shrike zombie (Crypt:3)
  2 deep elf elementalists (Elf:3)
  A reaper (IceCv)
  A cacodemon (WizLab)
  2 orc warlords
  11 very ugly things
  2 spriggan defenders
  16 stone giants
  11 ironbound preservers
  6 quicksilver oozes
  A formless jellyfish (Vaults:1)
  9 ironbound thunderhulks
  4 vampire knights
  11 deep elf death magi
  3 deep elf demonologists (Elf:3)
  4 green draconians (Depths:4)
  2 bunyips
  2 eleionomae
  A lorocyproca (Depths:1)
  9 deep elf annihilators
  A black draconian (Depths:4)
  3 war gargoyles
  3 starcursed masses (WizLab)
  Azrael (Spider:3)
  13 dire elephants
  A purple draconian (Depths:4)
  A red draconian (Depths:4)
  5 spark wasps
  2 green deaths (Swamp:4)
  The ghost of jasper the Cleaver, a journeyman CoCK of Gozag (D:10)
  A yellow draconian (Depths:4)
  An eidolon (Crypt:1)
  15 ettins
  5 crystal guardians
  A shambling mangrove (Swamp:4)
  12 yaktaur captains
  7 fire dragons
  9 jiangshi
  9 hydras
  2 deep elf high priests (Elf:3)
  12 great orbs of eyes
  2 rakshasas (Depths:1)
  An entropy weaver (Spider:4)
  A spriggan zombie (Depths:2)
  30 vault guards
  6 ice dragons
  2 spriggan skeletons (Crypt:3)
  2 ogre magi
  7 ironbound frosthearts
  2 peacekeepers (Vaults:3)
  A fenstrider witch zombie (Crypt:2)
  A juggernaut simulacrum (Crypt:1)
  7 alligators
  3 radroaches
  4 spriggan air magi
  5 ghost crabs
  2 catoblepae (D:13)
  A death knight (Crypt:2)
  25 dancing weapons
  9 centaur warriors
  6 tengu warriors
  8 two-headed ogres
  A death scarab (Spider:4)
  3 orc high priests (Orc:2)
  6 demonic crawlers
  11 boulder beetles
  10 deep troll shamans
  4 spriggan berserkers
  8 death yaks
  4 vampire magi
  A storm dragon zombie (Crypt:2)
  2 titan zombies (Crypt:3)
  6 deep troll earth magi
  Urug (D:10)
  A wretched star (WizLab)
  A sun demon (Depths:1)
  11 hell knights
  4 occultists
  18 deep elf knights
  6 iron trolls
  A shadow wraith (Crypt:2)
  2 sixfirhies (Swamp:4)
  A skyshark (Lair:2)
  A skyshark (shapeshifter) (Depths:1)
  3 soul eaters
  2 pharaoh ants
  A death drake (Swamp:4)
  24 skeletal warriors
  6 goliath frogs
  6 flayed ghosts
  An orange crystal statue (WizLab)
  4 spriggan druids
  A sea snake (shapeshifter) (Elf:2)
  A spark wasp zombie (Crypt:1)
  45 deep trolls
  4 arcanists
  8 bog bodies
  6 orb spiders
  2 anaconda skeletons (Crypt:1)
  3 swamp dragons (Swamp:4)
  21 ironbound convokers
  2 sun moths (Spider:3)
  7 steelbarb worms
  9 glowing orange brains
  6 phantasmal warriors
  11 deep elf archers
  31 deep elf pyromancers
  7 orc knights
  A shadow dragon zombie (Crypt:2)
  A harpy (Vaults:1)
  15 lindwurms
  34 deep elf zephyrmancers
  16 ugly things
  9 wolf spiders
  8 necromancers
  7 orc sorcerers
  A salamander (D:15)
  3 shining eyes
  An oklob plant (Orc:1)
  A faun (shapeshifter) (D:13)
  A human zombie (Vaults:3)
  18 cyclopes
  4 will-o-the-wisps
  3 manticores
  A stone giant zombie (Crypt:2)
  12 elephants
  A tengu skeleton (Depths:2)
  An iron dragon skeleton (Depths:2)
  4 moths of wrath
  6 meliai (Spider:4)
  2 kobold blastminers (Orc:1)
  A guardian serpent (Lair:5)
  A rust devil (Depths:1)
  A stone giant skeleton (Crypt:1)
  2 naga zombies (Crypt:2)
  A black mamba (shapeshifter) (D:15)
  11 black mambas
  3 orange demons (Swamp:4)
  26 vault sentinels
  A smoke demon (Swamp:4)
  9 torpor snails
  A gargoyle (D:11)
  An ice statue (IceCv)
  3 eyes of devastation (WizLab)
  15 cane toads
  A kobold demonologist (D:11)
  A hellion (Depths:2)
  A rime drake (Lair:2)
  A yaktaur zombie (Vaults:3)
  4 komodo dragons
  An unseen horror (D:11)
  A green draconian zombie (Crypt:1)
  3 tengu conjurers
  A yaktaur (shapeshifter) (D:15)
  40 yaktaurs
  An anaconda simulacrum (Crypt:2)
  2 freezing wraiths
  Psyche (D:12)
  A bloated husk (Swamp:2)
  A harpy zombie (Crypt:3)
  A hydra zombie (Crypt:3)
  7 trolls
  A human skeleton (Vaults:3)
  19 hornets
  13 tyrant leeches
  2 polar bears
  15 tarantellas
  22 blink frogs
  A radroach zombie (Crypt:1)
  5 culicivoras
  13 jumping spiders
  2 air elementals (Elf:3)
  27 slime creatures
  12 spriggans
  67 yaks
  A shadow (D:11)
  4 wraiths
  A spriggan (shapeshifter) (Elf:3)
  A yak (shapeshifter) (D:15)
  3 vampires
  A human (Elf:1)
  A satyr skeleton (Crypt:1)
  3 water elementals
  12 wyverns
  A basilisk (Lair:3)
  5 fire elementals
  2 golden eyes
  3 steam dragons
  5 hogs (Elf:1)
  2 wargs (Orc:2)
  21 vampire mosquitoes
  2 death yak simulacra (IceCv)
  5 chaos spawn (Swamp:4)
  26 redbacks
  A harpy simulacrum (IceCv)
  15 swamp worms
  Menkaure (D:7)
  2 acid dragons
  A water moccasin (shapeshifter) (D:15)
  17 water moccasins
  3 hell hounds
  5 sky beasts
  A faun skeleton (Crypt:1)
  A naga skeleton (Crypt:3)
  A sky beast (shapeshifter) (Depths:2)
  5 black bears
  34 laughing skulls
  14 orc warriors
  3 ice beasts (D:10)
  3 ogres
  16 wolves
  A tengu (shapeshifter) (D:14)
  4 boggarts (D:14)
  8 centaurs
  4 kobold brigands
  A phantom (D:5)
  A torpor snail zombie (Crypt:1)
  11 bullfrogs
  3 gnoll sergeants
  A two-headed ogre simulacrum (IceCv)
  A water moccasin zombie (Crypt:2)
  5 scorpions
  A cyclops zombie (Crypt:2)
  2 earth elementals (Elf:3)
  5 wights (D:8)
  2 elephant simulacra (IceCv)
  6 killer bees (D:9)
  6 howler monkeys
  An electric eel (Spider:2)
  4 crimson imps (D:15)
  2 bombardier beetles (D:3)
  11 orc priests
  A hound (shapeshifter) (Elf:3)
  2 iguanas
  Natasha (thrice) (D:3)
  20 orc wizards
  6 hell rats (Lair:1)
  2 spriggan simulacra (IceCv)
  3 troll simulacra (IceCv)
  2 wolf simulacra (IceCv)
  An ice beast zombie (Crypt:2)
  Robin (D:3)
  9 adders
  13 gnolls
  5 naga simulacra (IceCv)
  A shadow imp (D:7)
  7 white imps
  6 ufetubi
  3 ribbon worms
  3 dart slugs
  47 orcs
  8 bats
  4 endoplasms
  5 giant cockroaches
  13 goblins
  15 hobgoblins
  2 jackals (D:2)
  5 quokkas
  6 ball pythons
  A ball python skeleton (Crypt:2)
  A frilled lizard (D:1)
  20 kobolds
  4 rats
  11 starspawn tentacles (WizLab)
1806 creatures vanquished.

Vanquished Creatures (collateral kills)
  Mara (Swamp:4)
  A juggernaut (Depths:2)
  Boris (Vaults:1)
  A caustic shrike (Depths:4)
  A tentacled monstrosity (Vaults:5)
  A deep elf blademaster (Elf:3)
  A lich (Crypt:3)
  A titan (Vaults:5)
  A sphinx (Vaults:2)
  A tentacled starspawn (WizLab)
  Aizul (Elf:3)
  A tengu reaver (Vaults:2)
  A fire giant (Vaults:5)
  2 rockslimes
  3 vault wardens
  Louise (D:15)
  An emperor scorpion (Spider:2)
  An orc warlord (Vaults:4)
  An ironbound preserver (Vaults:2)
  A very ugly thing (Depths:4)
  A ghoul (Crypt:2)
  A stone giant (WizLab)
  A quicksilver ooze (Depths:1)
  A vampire knight (Depths:2)
  The ghost of Azathron the Thaumaturge, a journeyman DsAl of Kikubaaqudgha (D:13)
  An ironbound thunderhulk (Vaults:1)
  2 war gargoyles (Crypt:3)
  An eleionoma (Swamp:3)
  A bunyip (Swamp:4)
  5 dire elephants
  3 ettins
  A jiangshi (Crypt:2)
  A great orb of eyes (Depths:1)
  Fannar (D:10)
  Erolcha (Orc:2)
  Harold (D:10)
  An ice dragon (Depths:1)
  A jorogumo (Spider:4)
  A spriggan air mage (Depths:4)
  2 two-headed ogres
  A centaur warrior (D:14)
  A dancing weapon (Elf:3)
  2 alligators (Swamp:4)
  A boulder beetle (Spider:4)
  2 deep troll shamans
  3 demonic crawlers
  An orc high priest (Orc:2)
  A soul eater (Swamp:4)
  3 hell knights (Crypt:3)
  3 skeletal warriors
  An iron troll (Depths:2)
  3 bog bodies
  4 deep trolls
  2 lindwurms
  A steelbarb worm (Spider:4)
  A deep elf zephyrmancer (Swamp:4)
  3 orc knights
  4 phantasmal warriors
  A necromancer (Crypt:3)
  An ironbound convoker (Vaults:3)
  A cyclops (D:12)
  A shining eye (Depths:1)
  A wolf spider (Spider:3)
  5 elephants
  2 moths of wrath (Spider:4)
  2 black mambas (Lair:4)
  An eye of devastation (WizLab)
  4 vault sentinels
  6 cane toads
  5 torpor snails
  Jeremiah (D:7)
  A rime drake (D:10)
  A komodo dragon (Lair:1)
  3 yaktaurs
  A catoblepas zombie (Crypt:2)
  A freezing wraith (D:14)
  An ice devil (D:10)
  A bloated husk (Swamp:4)
  A tyrant leech (Lair:5)
  2 trolls
  3 hornets (Lair:5)
  2 tarantellas
  4 blink frogs
  6 slime creatures
  A wraith (Vaults:2)
  A centaur simulacrum (D:10)
  A dire elephant simulacrum (IceCv)
  A jumping spider (Spider:4)
  2 culicivoras (Spider:3)
  12 yaks
  2 wyverns (Lair:5)
  4 steam dragons
  3 vampire mosquitoes
  2 death yak simulacra (IceCv)
  A redback (Lair:5)
  4 wargs (D:12)
  An entropy weaver zombie (Crypt:2)
  2 harpy simulacra (IceCv)
  4 water moccasins (Lair:5)
  5 orc warriors
  2 black bears (Lair:4)
  6 ice beasts (D:10)
  A wolf (D:12)
  2 ogres
  4 laughing skulls
  A kobold brigand (D:9)
  A bullfrog (D:7)
  6 two-headed ogre simulacra (IceCv)
  An elephant simulacrum (IceCv)
  A killer bee (D:9)
  2 howler monkeys (D:9)
  A gnoll bouda (D:9)
  3 orc priests
  2 orc wizards
  A hell rat (Lair:1)
  A polar bear simulacrum (IceCv)
  A spriggan simulacrum (IceCv)
  A troll simulacrum (IceCv)
  2 wolf simulacra (IceCv)
  A naga simulacrum (IceCv)
  2 white imps
  An ufetubus (IceCv)
  2 orcs
  An endoplasm (D:4)
  A kobold (D:9)
  A starspawn tentacle (WizLab)
240 creatures vanquished.

Vanquished Creatures (others)
  A deep elf zephyrmancer (Elf:3)
  2 chaos spawn (Swamp:4)
  8 foxfires
  17 starspawn tentacles (WizLab)
28 creatures vanquished.

Grand Total: 2074 creatures vanquished

Notes
Turn   | Place    | Note
-------+----------+-------------------------------------------
     0 | D:1      | sleeves the Gnoll Alchemist began the quest for the Orb.
     0 | D:1      | Reached XP level 1. HP: 13/13 MP: 6/6
   151 | D:1      | Reached skill level 2 in Conjurations
   177 | D:1      | Reached XP level 2. HP: 18/19 MP: 5/7
   646 | D:1      | Reached skill level 5 in Spellcasting
   646 | D:1      | Reached XP level 3. HP: 25/25 MP: 2/9
  1169 | D:2      | Reached skill level 1 in Invocations
  1363 | D:2      | Reached skill level 1 in Fighting
  1363 | D:2      | Reached skill level 1 in Short Blades
  1363 | D:2      | Reached skill level 1 in Long Blades
  1363 | D:2      | Reached skill level 1 in Axes
  1363 | D:2      | Reached skill level 1 in Maces & Flails
  1363 | D:2      | Reached skill level 1 in Polearms
  1363 | D:2      | Reached skill level 1 in Staves
  1363 | D:2      | Reached skill level 1 in Ranged Weapons
  1363 | D:2      | Reached skill level 1 in Throwing
  1363 | D:2      | Reached skill level 1 in Armour
  1363 | D:2      | Reached skill level 1 in Shields
  1363 | D:2      | Reached skill level 1 in Unarmed Combat
  1363 | D:2      | Reached skill level 1 in Evocations
  1527 | D:2      | Found Rapou's Antique Armour Shoppe.
  2146 | D:3      | Reached skill level 1 in Shapeshifting
  2146 | D:3      | Reached XP level 4. HP: 32/32 MP: 8/11
  2183 | D:3      | Noticed Natasha
  2246 | D:3      | Killed Natasha
  2247 | D:3      | Reached skill level 1 in Hexes
  2247 | D:3      | Reached skill level 1 in Summonings
  2247 | D:3      | Reached skill level 1 in Necromancy
  2247 | D:3      | Reached skill level 1 in Translocations
  2247 | D:3      | Reached skill level 1 in Fire Magic
  2247 | D:3      | Reached skill level 1 in Ice Magic
  2247 | D:3      | Reached skill level 1 in Air Magic
  2247 | D:3      | Reached skill level 1 in Earth Magic
  2558 | D:2      | Reached XP level 5. HP: 34/37 MP: 1/12
  2690 | D:3      | Noticed Natasha
  2707 | D:3      | Killed Natasha
  2717 | D:3      | Noticed Natasha
  2728 | D:3      | Killed Natasha
  2857 | D:3      | Found a faded altar of an unknown god.
  3100 | D:3      | Noticed Robin
  3112 | D:3      | Reached skill level 2 in Invocations
  3202 | D:3      | Killed Robin
  3203 | D:3      | Reached XP level 6. HP: 44/44 MP: 9/13
  3323 | D:3      | Found a burning altar of Makhleb.
  3323 | D:3      | Found a faded altar of an unknown god.
  3331 | D:3      | Found a faded altar of an unknown god.
  3333 | D:3      | Found an iron altar of Okawaru.
  3335 | D:3      | Found an ancient bone altar of Kikubaaqudgha.
  3464 | D:3      | Reached skill level 2 in Fighting
  3464 | D:3      | Reached skill level 2 in Short Blades
  3464 | D:3      | Reached skill level 2 in Long Blades
  3464 | D:3      | Reached skill level 2 in Axes
  3464 | D:3      | Reached skill level 2 in Maces & Flails
  3464 | D:3      | Reached skill level 2 in Polearms
  3464 | D:3      | Reached skill level 2 in Staves
  3464 | D:3      | Reached skill level 2 in Ranged Weapons
  3464 | D:3      | Reached skill level 2 in Throwing
  3464 | D:3      | Reached skill level 2 in Armour
  3464 | D:3      | Reached skill level 5 in Dodging
  3464 | D:3      | Reached skill level 2 in Shields
  3464 | D:3      | Reached skill level 2 in Unarmed Combat
  3464 | D:3      | Reached skill level 2 in Evocations
  4127 | D:4      | Noticed a sky beast
  4722 | D:4      | Killed a sky beast
  4723 | D:4      | Reached skill level 2 in Shapeshifting
  5090 | D:5      | Entered Level 5 of the Dungeon
  5157 | D:5      | Reached XP level 7. HP: 49/50 MP: 11/15
  5285 | D:5      | Reached skill level 2 in Hexes
  5285 | D:5      | Reached skill level 2 in Summonings
  5285 | D:5      | Reached skill level 2 in Necromancy
  5285 | D:5      | Reached skill level 2 in Translocations
  5285 | D:5      | Reached skill level 2 in Fire Magic
  5285 | D:5      | Reached skill level 2 in Ice Magic
  5285 | D:5      | Reached skill level 2 in Air Magic
  5285 | D:5      | Reached skill level 2 in Earth Magic
  5428 | D:5      | Reached skill level 3 in Conjurations
  6212 | D:6      | Reached skill level 5 in Stealth
  6212 | D:6      | Reached skill level 3 in Invocations
  6279 | D:6      | Reached skill level 6 in Alchemy
  6398 | D:6      | Reached skill level 3 in Fighting
  6398 | D:6      | Reached skill level 3 in Short Blades
  6398 | D:6      | Reached skill level 3 in Long Blades
  6398 | D:6      | Reached skill level 3 in Axes
  6398 | D:6      | Reached skill level 3 in Maces & Flails
  6398 | D:6      | Reached skill level 3 in Polearms
  6398 | D:6      | Reached skill level 3 in Staves
  6398 | D:6      | Reached skill level 3 in Ranged Weapons
  6398 | D:6      | Reached skill level 3 in Throwing
  6398 | D:6      | Reached skill level 3 in Armour
  6398 | D:6      | Reached skill level 3 in Shields
  6398 | D:6      | Reached skill level 3 in Unarmed Combat
  6398 | D:6      | Reached skill level 3 in Evocations
  6398 | D:6      | Reached XP level 8. HP: 49/58 MP: 9/16
  6469 | D:6      | Reached skill level 6 in Spellcasting
  6794 | D:6      | Found an ornate altar of the Wu Jian Council.
  6838 | D:6      | Reached skill level 3 in Shapeshifting
  6974 | D:6      | HP: 28/58 [centaur (2)]
  6979 | D:6      | HP: 18/58 [centaur (3)]
  7343 | D:6      | HP: 29/58 [phantom (4)]
  7504 | D:5      | Reached skill level 3 in Hexes
  7504 | D:5      | Reached skill level 3 in Summonings
  7504 | D:5      | Reached skill level 3 in Necromancy
  7504 | D:5      | Reached skill level 3 in Translocations
  7504 | D:5      | Reached skill level 3 in Fire Magic
  7504 | D:5      | Reached skill level 3 in Ice Magic
  7504 | D:5      | Reached skill level 3 in Air Magic
  7504 | D:5      | Reached skill level 3 in Earth Magic
  7504 | D:5      | Reached skill level 4 in Invocations
  7963 | D:7      | Noticed Jeremiah
  8061 | D:7      | Reached skill level 6 in Dodging
  8098 | D:7      | Learned a level 4 spell: Airstrike
  8142 | D:4      | Learned a level 4 spell: Summon Lightning Spire
  8361 | D:7      | Noticed Joseph
  8550 | D:7      | HP: 26/60 [something (10)]
  8555 | D:7      | HP: 16/60 [Jeremiah/+4 trident of draining (12)]
  8555 | D:7      | Killed Jeremiah
  8556 | D:7      | Reached skill level 4 in Fighting
  8556 | D:7      | Reached skill level 4 in Short Blades
  8556 | D:7      | Reached skill level 4 in Long Blades
  8556 | D:7      | Reached skill level 4 in Axes
  8556 | D:7      | Reached skill level 4 in Maces & Flails
  8556 | D:7      | Reached skill level 4 in Polearms
  8556 | D:7      | Reached skill level 4 in Staves
  8556 | D:7      | Reached skill level 4 in Ranged Weapons
  8556 | D:7      | Reached skill level 4 in Throwing
  8556 | D:7      | Reached skill level 4 in Armour
  8556 | D:7      | Reached skill level 4 in Shields
  8556 | D:7      | Reached skill level 4 in Unarmed Combat
  8556 | D:7      | Reached skill level 4 in Conjurations
  8556 | D:7      | Reached skill level 4 in Evocations
  8556 | D:7      | Reached XP level 9. HP: 11/65 MP: 2/18
  8792 | D:7      | Reached skill level 6 in Stealth
  8846 | D:7      | Found a staircase to the Ecumenical Temple.
  8894 | Temple   | Entered the Ecumenical Temple
  8926 | Temple   | Became a worshipper of Sif Muna the Loreminder
  9204 | D:7      | Reached skill level 4 in Shapeshifting
  9293 | D:7      | Noticed Menkaure
  9305 | D:7      | Killed Menkaure
  9416 | D:7      | Reached skill level 5 in Invocations
  9421 | D:7      | HP: 31/66 [orc priest/nerve-wracking pain (5)]
  9680 | D:7      | HP: 22/66 [Joseph/sling bullet (15)]
 10251 | D:7      | HP: 29/66 [Joseph/sling bullet (7)]
 10447 | D:8      | Learned a level 4 spell: Olgreb's Toxic Radiance
 10463 | D:8      | Reached skill level 7 in Spellcasting
 10464 | D:8      | Reached skill level 4 in Hexes
 10464 | D:8      | Reached skill level 4 in Summonings
 10464 | D:8      | Reached skill level 4 in Necromancy
 10464 | D:8      | Reached skill level 4 in Translocations
 10464 | D:8      | Reached skill level 4 in Fire Magic
 10464 | D:8      | Reached skill level 4 in Ice Magic
 10464 | D:8      | Reached skill level 4 in Air Magic
 10464 | D:8      | Reached skill level 4 in Earth Magic
 10479 | D:8      | Reached skill level 5 in Fighting
 10479 | D:8      | Reached skill level 5 in Short Blades
 10479 | D:8      | Reached skill level 5 in Long Blades
 10479 | D:8      | Reached skill level 5 in Axes
 10479 | D:8      | Reached skill level 5 in Maces & Flails
 10479 | D:8      | Reached skill level 5 in Polearms
 10479 | D:8      | Reached skill level 5 in Staves
 10479 | D:8      | Reached skill level 5 in Ranged Weapons
 10479 | D:8      | Reached skill level 5 in Throwing
 10479 | D:8      | Reached skill level 5 in Armour
 10479 | D:8      | Reached skill level 5 in Shields
 10479 | D:8      | Reached skill level 5 in Unarmed Combat
 10479 | D:8      | Reached skill level 5 in Evocations
 10479 | D:8      | Reached XP level 10. HP: 74/74 MP: 3/20
 10489 | D:8      | Reached * piety under Sif Muna
 10490 | D:8      | Reached skill level 7 in Alchemy
 10494 | D:8      | Reached skill level 7 in Dodging
 10738 | D:8      | HP: 23/74 [wyvern (17)]
 11281 | D:8      | Noticed a two-headed ogre
 11323 | D:8      | Killed a two-headed ogre
 11324 | D:8      | Reached skill level 7 in Stealth
 11324 | D:8      | Reached skill level 5 in Conjurations
 11324 | D:8      | Reached skill level 6 in Invocations
 11324 | D:8      | Reached skill level 5 in Shapeshifting
 12756 | D:9      | Found a glowing silver altar of Zin.
 12789 | D:9      | Found a runed translucent door.
 12933 | D:9      | Noticed a two-headed ogre
 12992 | D:9      | Killed a two-headed ogre
 13176 | D:9      | Found a hide-covered altar of Uskayaw.
 13267 | D:9      | Noticed a two-headed ogre
 13280 | D:9      | Killed a two-headed ogre
 13281 | D:9      | Reached skill level 6 in Fighting
 13281 | D:9      | Reached skill level 6 in Short Blades
 13281 | D:9      | Reached skill level 6 in Long Blades
 13281 | D:9      | Reached skill level 6 in Axes
 13281 | D:9      | Reached skill level 6 in Maces & Flails
 13281 | D:9      | Reached skill level 6 in Polearms
 13281 | D:9      | Reached skill level 6 in Staves
 13281 | D:9      | Reached skill level 6 in Ranged Weapons
 13281 | D:9      | Reached skill level 6 in Throwing
 13281 | D:9      | Reached skill level 6 in Armour
 13281 | D:9      | Reached skill level 6 in Shields
 13281 | D:9      | Reached skill level 6 in Unarmed Combat
 13281 | D:9      | Reached skill level 5 in Hexes
 13281 | D:9      | Reached skill level 5 in Summonings
 13281 | D:9      | Reached skill level 5 in Necromancy
 13281 | D:9      | Reached skill level 5 in Translocations
 13281 | D:9      | Reached skill level 5 in Fire Magic
 13281 | D:9      | Reached skill level 5 in Ice Magic
 13281 | D:9      | Reached skill level 5 in Air Magic
 13281 | D:9      | Reached skill level 5 in Earth Magic
 13281 | D:9      | Reached skill level 6 in Evocations
 13281 | D:9      | Reached XP level 11. HP: 81/81 MP: 6/22
 13302 | D:9      | Noticed a two-headed ogre
 13464 | D:9      | Killed a two-headed ogre
 13465 | D:9      | Reached skill level 8 in Spellcasting
 13966 | D:9      | Found a runed translucent door.
 13985 | D:9      | Reached ** piety under Sif Muna
 14136 | D:9      | Noticed a two-headed ogre
 14150 | D:9      | Killed a two-headed ogre
 14151 | D:9      | Reached skill level 8 in Dodging
 14151 | D:9      | Reached skill level 7 in Invocations
 14404 | D:9      | Reached skill level 6 in Shapeshifting
 14647 | D:9      | Noticed a boulder beetle
 14656 | D:9      | Killed a boulder beetle
 14657 | D:9      | Reached skill level 8 in Stealth
 14657 | D:9      | Reached skill level 6 in Conjurations
 14822 | D:9      | sleeves: ??Brom's
 14822 | D:9      | beem: I don't have a page labeled Brom's in my learndb.
 14918 | D:10     | Entered Level 10 of the Dungeon
 14972 | D:10     | Found a sparkling altar of Nemelex Xobeh.
 14999 | D:10     | Noticed Harold
 15010 | D:10     | Killed Harold
 15011 | D:10     | Reached skill level 8 in Alchemy
 15291 | D:10     | Noticed Fannar
 15299 | D:10     | Killed Fannar
 15300 | D:10     | Reached skill level 7 in Fighting
 15300 | D:10     | Reached skill level 7 in Short Blades
 15300 | D:10     | Reached skill level 7 in Long Blades
 15300 | D:10     | Reached skill level 7 in Axes
 15300 | D:10     | Reached skill level 7 in Maces & Flails
 15300 | D:10     | Reached skill level 7 in Polearms
 15300 | D:10     | Reached skill level 7 in Staves
 15300 | D:10     | Reached skill level 7 in Ranged Weapons
 15300 | D:10     | Reached skill level 7 in Throwing
 15300 | D:10     | Reached skill level 7 in Armour
 15300 | D:10     | Reached skill level 7 in Shields
 15300 | D:10     | Reached skill level 7 in Unarmed Combat
 15300 | D:10     | Reached skill level 7 in Evocations
 15484 | D:10     | Found a portal to a secret trove of treasure.
 15539 | D:10     | Reached *** piety under Sif Muna
 15633 | D:10     | Reached XP level 12. HP: 91/91 MP: 7/24
 15773 | D:10     | Noticed Urug
 15795 | D:10     | Killed Urug
 15805 | D:10     | Reached skill level 6 in Hexes
 15805 | D:10     | Reached skill level 6 in Summonings
 15805 | D:10     | Reached skill level 6 in Necromancy
 15805 | D:10     | Reached skill level 6 in Translocations
 15805 | D:10     | Reached skill level 6 in Fire Magic
 15805 | D:10     | Reached skill level 6 in Ice Magic
 15805 | D:10     | Reached skill level 6 in Air Magic
 15805 | D:10     | Reached skill level 6 in Earth Magic
 15932 | D:10     | Noticed jasper's ghost (journeyman CoCK)
 15968 | D:10     | Found a runed translucent gate.
 15968 | D:10     | Found a runed translucent gate.
 15968 | D:10     | Found a runed translucent gate.
 16115 | D:10     | Reached skill level 8 in Invocations
 16435 | D:10     | HP: 41/91 [/a scroll of torment (38)]
 16453 | D:10     | Killed jasper's ghost
 16454 | D:10     | Reached skill level 9 in Spellcasting
 16768 | D:10     | Found a staircase to the Lair.
 16886 | D:10     | Got the ring "Fiodaqet" {Fire Will+ Dex+2}
 16939 | D:11     | Noticed a two-headed ogre
 16979 | Lair:1   | Entered Level 1 of the Lair of Beasts
 17378 | Lair:1   | Reached skill level 9 in Dodging
 17513 | Lair:1   | Reached skill level 7 in Shapeshifting
 17629 | Lair:1   | Reached **** piety under Sif Muna
 17632 | Lair:1   | Reached skill level 9 in Stealth
 17917 | Lair:1   | Reached skill level 7 in Conjurations
 18241 | Lair:1   | Reached skill level 8 in Fighting
 18241 | Lair:1   | Reached skill level 8 in Short Blades
 18241 | Lair:1   | Reached skill level 8 in Long Blades
 18241 | Lair:1   | Reached skill level 8 in Axes
 18241 | Lair:1   | Reached skill level 8 in Maces & Flails
 18241 | Lair:1   | Reached skill level 8 in Polearms
 18241 | Lair:1   | Reached skill level 8 in Staves
 18241 | Lair:1   | Reached skill level 8 in Ranged Weapons
 18241 | Lair:1   | Reached skill level 8 in Throwing
 18241 | Lair:1   | Reached skill level 8 in Armour
 18241 | Lair:1   | Reached skill level 8 in Shields
 18241 | Lair:1   | Reached skill level 8 in Unarmed Combat
 18241 | Lair:1   | Reached skill level 8 in Evocations
 18245 | Lair:1   | HP: 39/92 [blink frog (14)]
 18253 | Lair:1   | Reached XP level 13. HP: 35/98 MP: 5/26
 18459 | Lair:1   | Reached skill level 9 in Invocations
 18998 | Lair:1   | Reached skill level 7 in Hexes
 18998 | Lair:1   | Reached skill level 7 in Summonings
 18998 | Lair:1   | Reached skill level 7 in Necromancy
 18998 | Lair:1   | Reached skill level 7 in Translocations
 18998 | Lair:1   | Reached skill level 7 in Fire Magic
 18998 | Lair:1   | Reached skill level 7 in Ice Magic
 18998 | Lair:1   | Reached skill level 7 in Air Magic
 18998 | Lair:1   | Reached skill level 7 in Earth Magic
 18998 | Lair:1   | Reached skill level 9 in Alchemy
 20549 | Lair:2   | Reached skill level 10 in Spellcasting
 21266 | Lair:3   | Reached skill level 8 in Shapeshifting
 21270 | Lair:3   | Reached ***** piety under Sif Muna
 21299 | Lair:3   | Reached skill level 10 in Dodging
 21715 | Lair:3   | Found a staircase to the Swamp.
 21857 | Lair:3   | Reached skill level 9 in Fighting
 21857 | Lair:3   | Reached skill level 9 in Short Blades
 21857 | Lair:3   | Reached skill level 9 in Long Blades
 21857 | Lair:3   | Reached skill level 9 in Axes
 21857 | Lair:3   | Reached skill level 9 in Maces & Flails
 21857 | Lair:3   | Reached skill level 9 in Polearms
 21857 | Lair:3   | Reached skill level 9 in Staves
 21857 | Lair:3   | Reached skill level 9 in Ranged Weapons
 21857 | Lair:3   | Reached skill level 9 in Throwing
 21857 | Lair:3   | Reached skill level 9 in Armour
 21857 | Lair:3   | Reached skill level 9 in Shields
 21857 | Lair:3   | Reached skill level 9 in Unarmed Combat
 21857 | Lair:3   | Reached skill level 9 in Evocations
 22017 | Lair:3   | Reached skill level 10 in Stealth
 22557 | Lair:3   | Found a hole to the Spider Nest.
 22874 | Lair:3   | Reached XP level 14. HP: 108/108 MP: 19/28
 22965 | Lair:3   | Received a gift from Sif Muna
 22971 | Lair:3   | Reached skill level 10 in Invocations
 22980 | Lair:3   | Got Sif Muna's Almanac of Damage {god gift}
 23157 | Lair:4   | Reached skill level 8 in Conjurations
 23276 | Lair:4   | Found a viscous altar of Jiyva.
 23277 | Lair:4   | Found a staircase to the Slime Pits.
 23286 | Lair:4   | Identified the +7 arbalest of Defiance {flame, rCorr Int+2}
 23331 | Lair:4   | Noticed Sonja
 23335 | Lair:4   | Sonja changed into Sonja the ribbon worm
 23335 | Lair:4   | Noticed Sonja
 23337 | Lair:4   | Killed Sonja the ribbon worm
 23469 | Lair:4   | Found a frozen archway.
 23539 | IceCv    | Entered an ice cave
 23548 | IceCv    | Learned a level 5 spell: Fireball
 24579 | IceCv    | Noticed a reaper
 24808 | IceCv    | Killed a reaper
 24979 | IceCv    | Found the +4 skin of Zhor {*Englaciate rC+++ SInv}
 25266 | Lair:4   | Received a gift from Sif Muna
 25420 | Lair:4   | Reached skill level 8 in Hexes
 25420 | Lair:4   | Reached skill level 8 in Summonings
 25420 | Lair:4   | Reached skill level 8 in Necromancy
 25420 | Lair:4   | Reached skill level 8 in Translocations
 25420 | Lair:4   | Reached skill level 8 in Fire Magic
 25420 | Lair:4   | Reached skill level 8 in Ice Magic
 25420 | Lair:4   | Reached skill level 8 in Air Magic
 25420 | Lair:4   | Reached skill level 8 in Earth Magic
 26735 | Lair:5   | Entered Level 5 of the Lair of Beasts
 26753 | Lair:5   | Reached skill level 11 in Spellcasting
 26762 | Lair:5   | Reached skill level 9 in Shapeshifting
 26763 | Lair:5   | HP: 46/109 [death yak (15)]
 27198 | Lair:5   | HP: 52/109 [torpor snail (9)]
 27206 | Lair:5   | Reached skill level 10 in Alchemy
 27229 | Lair:5   | HP: 45/109 [yak (11)]
 27495 | Lair:5   | Received a gift from Sif Muna
 27498 | Lair:5   | Reached skill level 11 in Dodging
 27499 | Lair:5   | Reached skill level 10 in Fighting
 27499 | Lair:5   | Reached skill level 10 in Short Blades
 27499 | Lair:5   | Reached skill level 10 in Long Blades
 27499 | Lair:5   | Reached skill level 10 in Axes
 27499 | Lair:5   | Reached skill level 10 in Maces & Flails
 27499 | Lair:5   | Reached skill level 10 in Polearms
 27499 | Lair:5   | Reached skill level 10 in Staves
 27499 | Lair:5   | Reached skill level 10 in Ranged Weapons
 27499 | Lair:5   | Reached skill level 10 in Throwing
 27499 | Lair:5   | Reached skill level 10 in Armour
 27499 | Lair:5   | Reached skill level 10 in Shields
 27499 | Lair:5   | Reached skill level 10 in Unarmed Combat
 27499 | Lair:5   | Reached skill level 10 in Evocations
 27514 | Lair:4   | Reached XP level 15. HP: 78/115 MP: 2/30
 27707 | Lair:5   | Reached skill level 11 in Invocations
 27792 | Lair:5   | Reached skill level 11 in Stealth
 28152 | Lair:5   | Got Sif Muna's Collected Works on Feculent Locality {god
                  | gift}
 28601 | Lair:5   | Reached skill level 9 in Conjurations
 29014 | Lair:5   | Identified the +1 rapier of Yredelemnul's Hope {flame,
                  | Str+3}
 29544 | Lair:5   | Identified the +2 leather armour of Lust {Fly rElec rF-
                  | Str+3}
 30309 | D:11     | Found a staircase to the Orcish Mines.
 30498 | Orc:1    | Entered Level 1 of the Orcish Mines
 30525 | Orc:1    | Found a burning altar of Makhleb.
 30688 | Orc:1    | Paralysed by an orc sorcerer for 4 turns
 31089 | Orc:2    | Entered Level 2 of the Orcish Mines
 31887 | Orc:2    | Received a gift from Sif Muna
 32021 | Orc:2    | Got Lehudib's Thoughts on Bolts and Quicksand {god gift}
 32283 | Orc:2    | Found Dekhlomoy's General Store.
 32300 | Orc:2    | Found Jonun's Self-Improvement Boutique.
 32302 | Orc:2    | Found Logulohu's Antique Armour Emporium.
 32321 | Orc:2    | Reached skill level 9 in Hexes
 32321 | Orc:2    | Reached skill level 9 in Summonings
 32321 | Orc:2    | Reached skill level 9 in Necromancy
 32321 | Orc:2    | Reached skill level 9 in Translocations
 32321 | Orc:2    | Reached skill level 9 in Fire Magic
 32321 | Orc:2    | Reached skill level 9 in Ice Magic
 32321 | Orc:2    | Reached skill level 9 in Air Magic
 32321 | Orc:2    | Reached skill level 9 in Earth Magic
 32650 | Orc:2    | Noticed Erolcha
 32655 | Orc:2    | Killed Erolcha
 32933 | Orc:2    | Noticed an orc warlord
 33108 | Orc:2    | Killed an orc warlord
 33459 | Orc:2    | Found Himmik's Antique Weapon Shoppe.
 33467 | Orc:2    | Bought a scorched falchion for 200 gold pieces
 33467 | Orc:2    | Identified the +11 falchion of Valiance {venom, Int+6} (You
                  | bought it in a shop on level 2 of the Orcish Mines)
 33469 | Orc:2    | Bought a crystal orcbow for 212 gold pieces
 33469 | Orc:2    | Identified the +0 orcbow of Equivalence {drain, rPois rN+
                  | Str+2 Int-2} (You bought it in a shop on level 2 of the
                  | Orcish Mines)
 33477 | Orc:2    | Found Caerham's Book Shop.
 33560 | Orc:2    | Found a staircase to the Elven Halls.
 33650 | Orc:2    | Bought a scroll of blinking for 82 gold pieces
 33907 | D:2      | Bought a runed cloak for 240 gold pieces
 33907 | D:2      | Bought a pair of slimy boots for 304 gold pieces
 33907 | D:2      | Identified the +1 pair of boots of the Ego {+Blink Int+2}
                  | (You bought it in a shop on level 2 of the Dungeon)
 33907 | D:2      | Bought a runed helmet for 240 gold pieces
 34588 | D:11     | Found Obenag's General Store.
 35479 | D:12     | Noticed Psyche
 35489 | D:12     | Reached skill level 10 in Shapeshifting
 35489 | D:12     | Killed Psyche
 35800 | D:12     | Reached skill level 12 in Spellcasting
 35800 | D:12     | Reached XP level 16. HP: 124/124 MP: 7/32
 36061 | D:12     | Reached skill level 11 in Fighting
 36061 | D:12     | Reached skill level 11 in Short Blades
 36061 | D:12     | Reached skill level 11 in Long Blades
 36061 | D:12     | Reached skill level 11 in Axes
 36061 | D:12     | Reached skill level 11 in Maces & Flails
 36061 | D:12     | Reached skill level 11 in Polearms
 36061 | D:12     | Reached skill level 11 in Staves
 36061 | D:12     | Reached skill level 11 in Ranged Weapons
 36061 | D:12     | Reached skill level 11 in Throwing
 36061 | D:12     | Reached skill level 11 in Armour
 36061 | D:12     | Reached skill level 11 in Shields
 36061 | D:12     | Reached skill level 11 in Unarmed Combat
 36061 | D:12     | Reached skill level 11 in Evocations
 36228 | D:12     | Reached skill level 12 in Invocations
 36949 | D:12     | Reached skill level 12 in Dodging
 37086 | D:12     | Received a gift from Sif Muna
 37120 | D:12     | Got Sif Muna's Cyclopedia of Spells {god gift}
 37136 | D:12     | Learned a level 5 spell: Freezing Cloud
 37288 | D:12     | Identified the staff of Yciom {rPois rF+ Dex+2 Fire}
 37297 | D:12     | Identified the ring of Nioxif {rElec Str+6 Int+2 Stlth+}
 37308 | D:12     | Found the +6 arbalest "Damnation" {damnation}
 37308 | D:12     | Found the +3 greatsling "Punk" {acid, rCorr}
 37310 | D:12     | Identified the +9 orcbow of Dung {flame, Str+3 Int+7}
 37317 | D:12     | Identified the +1 spear "Buluceic" {flame, Int+4 Dex+5}
 37324 | D:12     | Identified the +7 flail "Tehyarph" {holy, rPois rN++ Str-3}
 37493 | D:13     | Found a runed translucent gate.
 37493 | D:13     | Found a runed translucent gate.
 37493 | D:13     | Found a runed translucent gate.
 37498 | D:13     | Noticed Azathron's ghost (journeyman DsAl)
 37676 | D:13     | Found a gate to the Vaults.
 37795 | D:13     | Reached skill level 12 in Stealth
 38222 | D:13     | Reached skill level 11 in Alchemy
 38979 | D:13     | Learned a level 4 spell: Iskenderun's Mystic Blast
 38994 | D:13     | Killed Azathron's ghost
 39970 | D:15     | Entered Level 15 of the Dungeon
 40129 | D:15     | Noticed Louise
 40136 | D:15     | Killed Louise
 40187 | D:15     | Reached skill level 10 in Conjurations
 40406 | D:15     | Found a staircase to the Depths.
 40411 | D:15     | HP: 62/126 [eye of devastation (glowing shapeshifter)/bolt
                  | of devastation (34)]
 40866 | D:15     | Found a shadowy altar of Dithmenos.
 40958 | D:15     | Found a shimmering altar of Xom.
 41130 | D:15     | Noticed Roxanne
 41463 | Swamp:1  | Entered Level 1 of the Swamp
 41570 | Swamp:1  | Received a gift from Sif Muna
 41805 | Swamp:1  | Reached XP level 17. HP: 133/133 MP: 20/33
 42478 | Swamp:2  | Reached skill level 10 in Hexes
 42478 | Swamp:2  | Reached skill level 10 in Summonings
 42478 | Swamp:2  | Reached skill level 10 in Necromancy
 42478 | Swamp:2  | Reached skill level 10 in Translocations
 42478 | Swamp:2  | Reached skill level 10 in Fire Magic
 42478 | Swamp:2  | Reached skill level 10 in Ice Magic
 42478 | Swamp:2  | Reached skill level 10 in Air Magic
 42478 | Swamp:2  | Reached skill level 10 in Earth Magic
 43013 | Swamp:2  | Reached skill level 11 in Shapeshifting
 43294 | Swamp:3  | Reached skill level 13 in Invocations
 43373 | Swamp:3  | Reached skill level 12 in Fighting
 43373 | Swamp:3  | Reached skill level 12 in Short Blades
 43373 | Swamp:3  | Reached skill level 12 in Long Blades
 43373 | Swamp:3  | Reached skill level 12 in Axes
 43373 | Swamp:3  | Reached skill level 12 in Maces & Flails
 43373 | Swamp:3  | Reached skill level 12 in Polearms
 43373 | Swamp:3  | Reached skill level 12 in Staves
 43373 | Swamp:3  | Reached skill level 12 in Ranged Weapons
 43373 | Swamp:3  | Reached skill level 12 in Throwing
 43373 | Swamp:3  | Reached skill level 12 in Armour
 43373 | Swamp:3  | Reached skill level 12 in Shields
 43373 | Swamp:3  | Reached skill level 12 in Unarmed Combat
 43373 | Swamp:3  | Reached skill level 12 in Evocations
 43400 | Swamp:3  | Received a gift from Sif Muna
 43401 | Swamp:3  | Got Agiduunt's Incunabulum of the Flock {god gift}
 43787 | Swamp:3  | HP: 51/126 [??? (49)]
 44022 | Swamp:3  | Reached skill level 13 in Spellcasting
 44248 | Swamp:4  | Entered Level 4 of the Swamp
 44338 | Swamp:4  | Noticed Donald
 44351 | Swamp:4  | Killed Donald
 44482 | Swamp:4  | Identified the +1 ring mail of Courage {rPois rF+ Stlth+}
 44787 | Swamp:4  | Reached skill level 13 in Dodging
 44929 | Swamp:4  | HP: 58/133 [sun demon[an orc sorcerer] (19)]
 45137 | Swamp:4  | Paralysed by a fenstrider witch for 5 turns
 45173 | Swamp:4  | Noticed a tentacled monstrosity
 45185 | Swamp:4  | Killed a tentacled monstrosity
 45186 | Swamp:4  | Reached skill level 13 in Stealth
 45218 | Swamp:4  | Paralysed by a fenstrider witch for 5 turns
 45529 | Swamp:4  | Noticed Mara
 45541 | Swamp:4  | Killed Mara
 45561 | Swamp:4  | HP: 63/135 [spriggan druid/angry trees (12)]
 45567 | Swamp:4  | HP: 54/135 [spriggan druid/angry trees (12)]
 45728 | Swamp:4  | Reached XP level 18. HP: 121/141 MP: 14/35
 46033 | Swamp:4  | Got a decaying rune of Zot
 46174 | Spider:1 | Entered Level 1 of the Spider Nest
 46270 | Spider:1 | Noticed Agnes
 46277 | Spider:1 | Killed Agnes
 46933 | Spider:1 | Reached skill level 12 in Alchemy
 47229 | Spider:1 | Received a gift from Sif Muna
 47307 | Spider:1 | Got Inim's Anthology of Ill-starred Beckoning {god gift}
 47469 | Spider:1 | Reached skill level 11 in Conjurations
 47663 | Spider:2 | HP: 70/142 [poisoned by an emperor scorpion]
 47668 | Spider:2 | HP: 63/142 [poisoned by an emperor scorpion]
 48867 | Spider:3 | Noticed Azrael
 48878 | Spider:3 | Killed Azrael
 49413 | Spider:3 | Reached skill level 14 in Invocations
 50302 | Spider:3 | Received a gift from Sif Muna
 50303 | Spider:3 | Got Sif Muna's Papyrus of Frostbitten Battling {god gift}
 50311 | Spider:3 | Learned a level 6 spell: Starburst
 50353 | Spider:3 | Reached skill level 11 in Hexes
 50353 | Spider:3 | Reached skill level 11 in Summonings
 50353 | Spider:3 | Reached skill level 11 in Necromancy
 50353 | Spider:3 | Reached skill level 11 in Translocations
 50353 | Spider:3 | Reached skill level 11 in Fire Magic
 50353 | Spider:3 | Reached skill level 11 in Ice Magic
 50353 | Spider:3 | Reached skill level 11 in Air Magic
 50353 | Spider:3 | Reached skill level 11 in Earth Magic
 50359 | Spider:3 | HP: 67/142 [burnt (14)]
 50363 | Spider:3 | HP: 24/142 [burnt (18)]
 50368 | Spider:3 | HP: 24/142 [burnt (1)]
 50732 | Spider:4 | Entered Level 4 of the Spider Nest
 50737 | Spider:4 | Reached skill level 13 in Fighting
 50737 | Spider:4 | Reached skill level 13 in Short Blades
 50737 | Spider:4 | Reached skill level 13 in Long Blades
 50737 | Spider:4 | Reached skill level 13 in Axes
 50737 | Spider:4 | Reached skill level 13 in Maces & Flails
 50737 | Spider:4 | Reached skill level 13 in Polearms
 50737 | Spider:4 | Reached skill level 13 in Staves
 50737 | Spider:4 | Reached skill level 13 in Ranged Weapons
 50737 | Spider:4 | Reached skill level 13 in Throwing
 50737 | Spider:4 | Reached skill level 13 in Armour
 50737 | Spider:4 | Reached skill level 13 in Shields
 50737 | Spider:4 | Reached skill level 13 in Unarmed Combat
 50737 | Spider:4 | Reached skill level 13 in Evocations
 50962 | Spider:4 | Reached skill level 12 in Shapeshifting
 51396 | Spider:4 | Identified the +1 scale mail of Sunlight {rElec rCorr}
 51567 | Spider:4 | Reached skill level 14 in Spellcasting
 51651 | Spider:4 | Found the +3 pair of mountain boots {steadfast, rC+}
 51662 | Spider:4 | Got a gossamer rune of Zot
 51700 | Spider:4 | Identified the +2 pair of gloves "Forget-Me-Not" {Int+2}
 52380 | Spider:4 | Reached XP level 19. HP: 136/145 MP: 24/37
 52929 | Vaults:1 | Entered Level 1 of the Vaults
 53309 | Vaults:1 | Reached skill level 14 in Dodging
 53503 | Vaults:1 | Identified the +4 robe of Meamoa {Int+5}
 53503 | Vaults:1 | Noticed Boris
 53791 | Vaults:1 | Killed Boris
 54018 | Vaults:1 | Reached skill level 14 in Stealth
 54074 | Vaults:1 | HP: 68/150 [yaktaur captain/bolt (29)]
 54091 | Vaults:1 | HP: 49/150 [yaktaur captain/bolt (18)]
 54091 | Vaults:1 | HP: 12/150 [yaktaur captain/bolt (37)]
 54124 | Vaults:1 | HP: 21/150 [yaktaur/bolt (6)]
 54519 | Vaults:1 | Found Edoffacky's Weapon Shoppe.
 54562 | Vaults:1 | Received a gift from Sif Muna
 54708 | Vaults:1 | Got Sif Muna's Compilation of Glowing Dislocation {god
                  | gift}
 54757 | Vaults:1 | Learned a level 2 spell: Blink
 55851 | Vaults:2 | Learned a level 6 spell: Bombard
 56218 | Vaults:2 | Found a staircase to the Crypt.
 56694 | Vaults:2 | Reached skill level 15 in Invocations
 57015 | Vaults:2 | Reached skill level 12 in Conjurations
 57152 | Vaults:2 | Received a gift from Sif Muna
 57193 | Vaults:2 | Got Sif Muna's Encyclopedia of Doom {god gift}
 57295 | Vaults:2 | Reached XP level 20. HP: 139/158 MP: 16/38
 57386 | Vaults:2 | Reached skill level 13 in Alchemy
 57426 | Vaults:2 | HP: 69/158 [yaktaur/bolt[a vault warden] (27)]
 57432 | Vaults:2 | HP: 43/158 [yaktaur/bolt[a vault warden] (11)]
 57875 | Vaults:2 | Reached skill level 14 in Fighting
 57875 | Vaults:2 | Reached skill level 14 in Short Blades
 57875 | Vaults:2 | Reached skill level 14 in Long Blades
 57875 | Vaults:2 | Reached skill level 14 in Axes
 57875 | Vaults:2 | Reached skill level 14 in Maces & Flails
 57875 | Vaults:2 | Reached skill level 14 in Polearms
 57875 | Vaults:2 | Reached skill level 14 in Staves
 57875 | Vaults:2 | Reached skill level 14 in Ranged Weapons
 57875 | Vaults:2 | Reached skill level 14 in Throwing
 57875 | Vaults:2 | Reached skill level 14 in Armour
 57875 | Vaults:2 | Reached skill level 14 in Shields
 57875 | Vaults:2 | Reached skill level 14 in Unarmed Combat
 57875 | Vaults:2 | Reached skill level 14 in Evocations
 58440 | Vaults:3 | Identified the +0 plate armour "Rurgh" {Int+2}
 58512 | Vaults:3 | Reached skill level 13 in Shapeshifting
 58569 | Vaults:3 | Reached skill level 12 in Hexes
 58569 | Vaults:3 | Reached skill level 12 in Summonings
 58569 | Vaults:3 | Reached skill level 12 in Necromancy
 58569 | Vaults:3 | Reached skill level 12 in Translocations
 58569 | Vaults:3 | Reached skill level 12 in Fire Magic
 58569 | Vaults:3 | Reached skill level 12 in Ice Magic
 58569 | Vaults:3 | Reached skill level 12 in Air Magic
 58569 | Vaults:3 | Reached skill level 12 in Earth Magic
 58667 | Vaults:3 | Found the +8 Vampire's Tooth {megavamp}
 58987 | Vaults:3 | Reached skill level 15 in Spellcasting
 59483 | Vaults:3 | Reached ****** piety under Sif Muna
 59483 | Vaults:3 | Received a gift from Sif Muna
 59514 | Vaults:3 | Noticed Saint Roka
 59738 | Vaults:3 | Reached skill level 15 in Dodging
 60324 | Vaults:3 | Reached skill level 15 in Stealth
 60470 | Vaults:3 | Killed Saint Roka
 61167 | Vaults:4 | Found Zafek's Antique Weapon Emporium.
 61470 | Vaults:4 | Received a gift from Sif Muna
 61478 | Vaults:4 | Reached XP level 21. HP: 166/166 MP: 10/40
 61535 | Vaults:4 | Got Sif Muna's Quarto of Litharge {god gift}
 62880 | Vaults:4 | Bought a smoking mace for 208 gold pieces
 62880 | Vaults:4 | Identified the +0 mace of Daqadduo {speed, rPois Will+
                  | rCorr Str+3} (You bought it in a shop on level 4 of the
                  | Vaults)
 62880 | Vaults:4 | Bought a polished long sword for 221 gold pieces
 62880 | Vaults:4 | Identified the +5 long sword of the Magi {heavy, rPois rF+
                  | Int+2 Stlth+} (You bought it in a shop on level 4 of the
                  | Vaults)
 63088 | Depths:1 | Entered Level 1 of the Depths
 63116 | Depths:1 | Reached skill level 16 in Invocations
 63202 | Depths:1 | Found a magical portal.
 63278 | WizLab   | Entered Lehudib's Moon Base
 63362 | WizLab   | Found a transporter.
 63418 | WizLab   | HP: 75/166 [stone giant (32)]
 64156 | WizLab   | Found a transporter.
 64744 | WizLab   | Reached skill level 15 in Fighting
 64744 | WizLab   | Reached skill level 15 in Short Blades
 64744 | WizLab   | Reached skill level 15 in Long Blades
 64744 | WizLab   | Reached skill level 15 in Axes
 64744 | WizLab   | Reached skill level 15 in Maces & Flails
 64744 | WizLab   | Reached skill level 15 in Polearms
 64744 | WizLab   | Reached skill level 15 in Staves
 64744 | WizLab   | Reached skill level 15 in Ranged Weapons
 64744 | WizLab   | Reached skill level 15 in Throwing
 64744 | WizLab   | Reached skill level 15 in Armour
 64744 | WizLab   | Reached skill level 15 in Shields
 64744 | WizLab   | Reached skill level 15 in Unarmed Combat
 64744 | WizLab   | Reached skill level 15 in Evocations
 65364 | WizLab   | HP: 83/168 [moon troll/bolt of acid (44)]
 65366 | WizLab   | Reached skill level 13 in Conjurations
 65371 | WizLab   | Received a gift from Sif Muna
 65372 | WizLab   | Got Sif Muna's Atlas of the Productive Shot {god gift}
 65559 | WizLab   | Identified the scarf of Sif Muna's Generosity {+Inv, -Tele
                  | Rampage rPois rN+}
 65560 | WizLab   | Identified the +1 chain mail "Meadaeni" {-Tele rF++ Str+3}
 65741 | Depths:1 | Found a one-way gate leading to the halls of Pandemonium.
 66012 | Depths:1 | Found Wotuvadd's Whimsical Warehouse.
 66089 | Depths:1 | HP: 84/168 [quicksilver ooze (6)]
 66094 | Depths:1 | HP: 49/168 [fire dragon/blast of flame (21)]
 66116 | Depths:1 | HP: 58/168 [ice dragon/blast of cold (1)]
 66117 | Depths:1 | Reached skill level 14 in Shapeshifting
 66261 | Depths:1 | Reached skill level 14 in Alchemy
 66416 | Depths:1 | Found a viscous altar of Jiyva.
 66486 | Depths:1 | Reached skill level 16 in Spellcasting
 66540 | Depths:1 | Reached skill level 13 in Hexes
 66540 | Depths:1 | Reached skill level 13 in Summonings
 66540 | Depths:1 | Reached skill level 13 in Necromancy
 66540 | Depths:1 | Reached skill level 13 in Translocations
 66540 | Depths:1 | Reached skill level 13 in Fire Magic
 66540 | Depths:1 | Reached skill level 13 in Ice Magic
 66540 | Depths:1 | Reached skill level 13 in Air Magic
 66540 | Depths:1 | Reached skill level 13 in Earth Magic
 66584 | Depths:1 | Reached XP level 22. HP: 165/175 MP: 2/42
 66903 | Depths:1 | Identified the +6 chain mail "Wofinn" {Dex+5 Slay-3 Stlth+}
 67021 | Depths:1 | Received a gift from Sif Muna
 67022 | Depths:1 | Got Sif Muna's Compendium of Arrival {god gift}
 67089 | Depths:1 | Reached skill level 16 in Dodging
 67386 | Depths:1 | Found a gateway to Hell.
 67715 | Depths:1 | Identified the +8 whip of Extermination {freeze, rC+ Int+3}
 68046 | Depths:2 | Reached skill level 16 in Stealth
 68487 | Depths:2 | Found Gurghyulai's Jewellery Shop.
 68488 | Depths:2 | Found Castru's Book Shoppe.
 68489 | Depths:2 | Found Rampan's Jewellery Shop.
 68537 | Depths:2 | Identified the +2 flail of the Present {drain, rN+ Int-2
                  | Stlth+}
 68545 | Depths:2 | Found Nezocwuq's General Store.
 68610 | Depths:2 | Bought a potion of haste for 140 gold pieces
 68610 | Depths:2 | Bought a scroll of teleportation for 42 gold pieces
 68646 | Depths:2 | Noticed an ancient lich
 68656 | Depths:2 | HP: 52/176 [ancient lich/crystal spear (88)]
 68749 | Depths:2 | Noticed a juggernaut
 68936 | Depths:2 | Learned a level 7 spell: Spellforged Servitor
 68953 | Depths:2 | Noticed Margery
 68973 | Depths:2 | Killed Margery
 69311 | Depths:2 | Killed an ancient lich
 69312 | Depths:2 | Reached skill level 17 in Invocations
 69718 | Depths:2 | Killed a juggernaut
 70714 | Depths:2 | Found a one-way gateway to a ziggurat.
 71099 | Depths:3 | HP: 67/157 [vampire knight/vampiric draining (21)]
 71105 | Depths:2 | HP: 37/157 [vampire knight/+1 broad axe (9)]
 71445 | Depths:3 | Reached XP level 23. HP: 140/173 MP: 43/43
 71632 | Depths:3 | Found a corrupted altar of Lugonu.
 71636 | Depths:3 | Found a one-way gate to the infinite horrors of the Abyss.
 71718 | Depths:3 | Received a gift from Sif Muna
 71790 | Depths:3 | Got Sif Muna's Compendium of Direction and Battle Magic
                  | {god gift}
 71816 | Depths:3 | Reached skill level 16 in Fighting
 71816 | Depths:3 | Reached skill level 16 in Short Blades
 71816 | Depths:3 | Reached skill level 16 in Long Blades
 71816 | Depths:3 | Reached skill level 16 in Axes
 71816 | Depths:3 | Reached skill level 16 in Maces & Flails
 71816 | Depths:3 | Reached skill level 16 in Polearms
 71816 | Depths:3 | Reached skill level 16 in Staves
 71816 | Depths:3 | Reached skill level 16 in Ranged Weapons
 71816 | Depths:3 | Reached skill level 16 in Throwing
 71816 | Depths:3 | Reached skill level 16 in Armour
 71816 | Depths:3 | Reached skill level 16 in Shields
 71816 | Depths:3 | Reached skill level 16 in Unarmed Combat
 71816 | Depths:3 | Reached skill level 16 in Evocations
 72006 | Depths:3 | Identified the +5 long sword "Kyuveil" {freeze, ^Drain rN+
                  | Str+4}
 72372 | Depths:4 | Entered Level 4 of the Depths
 72611 | Depths:4 | Reached skill level 15 in Shapeshifting
 73115 | Depths:4 | Reached skill level 14 in Conjurations
 73238 | Depths:4 | Noticed a caustic shrike
 73251 | Depths:4 | Killed a caustic shrike
 73251 | Depths:4 | Noticed a caustic shrike
 73264 | Depths:4 | Killed a caustic shrike
 73448 | Depths:4 | Reached skill level 17 in Spellcasting
 73468 | Depths:4 | Noticed a caustic shrike
 73470 | Depths:4 | Noticed a caustic shrike
 73480 | Depths:4 | Killed a caustic shrike
 73481 | Depths:4 | Killed a caustic shrike
 73671 | Depths:4 | Found a gate to the Realm of Zot.
 73893 | Depths:4 | Found a broken altar of Ashenzari.
 74223 | Depths:3 | Identified the +4 quarterstaff of Thoughtfulness {freeze,
                  | *Rage rC+ Int+3 SInv}
 74254 | Depths:4 | Reached skill level 17 in Dodging
 74255 | Depths:4 | Reached skill level 14 in Hexes
 74255 | Depths:4 | Reached skill level 14 in Summonings
 74255 | Depths:4 | Reached skill level 14 in Necromancy
 74255 | Depths:4 | Reached skill level 14 in Translocations
 74255 | Depths:4 | Reached skill level 14 in Fire Magic
 74255 | Depths:4 | Reached skill level 14 in Ice Magic
 74255 | Depths:4 | Reached skill level 14 in Air Magic
 74255 | Depths:4 | Reached skill level 14 in Earth Magic
 74271 | Depths:4 | Noticed a caustic shrike
 74305 | Depths:4 | Noticed a caustic shrike
 74306 | Depths:4 | Noticed a caustic shrike
 74307 | Depths:4 | Noticed a caustic shrike
 74307 | Depths:4 | Noticed a caustic shrike
 74318 | Depths:4 | Killed a caustic shrike
 74326 | Depths:4 | Killed a caustic shrike
 74329 | Depths:4 | Found an ancient bone altar of Kikubaaqudgha.
 74338 | Depths:4 | Killed a caustic shrike
 74338 | Depths:4 | HP: 91/185 [caustic shrike (23)]
 74339 | Depths:4 | Reached skill level 15 in Alchemy
 74342 | Depths:4 | Killed a caustic shrike
 74345 | Depths:4 | Killed a caustic shrike
 74345 | Depths:4 | Received a gift from Sif Muna
 74346 | Depths:4 | Reached skill level 17 in Stealth
 75339 | Elf:1    | Entered Level 1 of the Elven Halls
 75491 | Elf:1    | Found Umanipp's Armour Shoppe.
 75538 | Elf:1    | Reached skill level 18 in Invocations
 75538 | Elf:1    | Reached XP level 24. HP: 164/193 MP: 42/44
 75892 | Elf:1    | Noticed Kirke
 75901 | Elf:1    | Reached skill level 16 in Shapeshifting
 75906 | Elf:1    | Killed Kirke
 76008 | Elf:1    | Received a gift from Sif Muna
 76065 | Elf:1    | Got Sif Muna's Quarto of the Friendly Pyre {god gift}
 76366 | Elf:1    | Noticed Nikola
 76377 | Elf:1    | Killed Nikola
 77284 | Elf:2    | Found a runed translucent gate.
 77284 | Elf:2    | Found a runed translucent gate.
 77285 | Elf:2    | Found a runed translucent gate.
 77374 | Elf:2    | Found Basothra's Tremendous Tomes.
 77439 | Elf:2    | Learned a level 7 spell: Ozocubu's Refrigeration
 77704 | Elf:3    | Entered Level 3 of the Elven Halls
 77773 | Elf:3    | Found Maptaimn's Assorted Antiques.
 78118 | Elf:3    | Identified the serpent talisman of the Fae Wumpus {SInv}
 78118 | Elf:3    | Noticed Aizul
 78138 | Elf:3    | Killed Aizul
 78225 | Elf:3    | Received a gift from Sif Muna
 78242 | Elf:3    | Got Sif Muna's Directory of Combat Magic {god gift}
 78382 | Elf:3    | Reached skill level 17 in Fighting
 78382 | Elf:3    | Reached skill level 17 in Short Blades
 78382 | Elf:3    | Reached skill level 17 in Long Blades
 78382 | Elf:3    | Reached skill level 17 in Axes
 78382 | Elf:3    | Reached skill level 17 in Maces & Flails
 78382 | Elf:3    | Reached skill level 17 in Polearms
 78382 | Elf:3    | Reached skill level 17 in Staves
 78382 | Elf:3    | Reached skill level 17 in Ranged Weapons
 78382 | Elf:3    | Reached skill level 17 in Throwing
 78382 | Elf:3    | Reached skill level 17 in Armour
 78382 | Elf:3    | Reached skill level 17 in Shields
 78382 | Elf:3    | Reached skill level 17 in Unarmed Combat
 78382 | Elf:3    | Reached skill level 17 in Evocations
 78538 | Elf:3    | Identified the +6 great sword "Iryoz" {freeze, rF+ MP+9}
 78754 | Elf:3    | Identified the +10 long sword "Zodun" {antimagic, rF- Will+
                  | Int+5 SInv}
 78794 | Elf:3    | Identified the +7 whip of Discomfort {holy, Int+2}
 78875 | Elf:3    | Identified the +5 glaive of Dissolution {elec, rC++ Str-5
                  | SInv}
 79143 | Elf:3    | Identified the +1 leather armour "Relaegab" {Regen+ Int+5
                  | Dex-3}
 79548 | Elf:3    | Identified the staff "Ynwon" {rC- rN+ Will+ Str+6 Necro}
 80105 | Crypt:1  | Entered Level 1 of the Crypt
 80322 | Crypt:1  | HP: 84/185 [deep elf death mage/bolt of negative energy
                  | (12)]
 80328 | Crypt:1  | HP: 75/188 [jiangshi (4)]
 80660 | Crypt:1  | Reached skill level 17 in Shapeshifting
 80730 | Crypt:1  | Reached XP level 25. HP: 140/201 MP: 44/44
 81502 | Crypt:2  | Received a gift from Sif Muna
 81548 | Crypt:2  | Got Sif Muna's Codex of Voltaic Superposition {god gift}
 81586 | Crypt:2  | HP: 99/200 [flayed ghost (18)]
 81669 | Crypt:2  | Reached skill level 18 in Spellcasting
 82194 | Crypt:2  | Reached skill level 15 in Conjurations
 82427 | Crypt:3  | Entered Level 3 of the Crypt
 82701 | Crypt:3  | Reached skill level 18 in Dodging
 82800 | Crypt:3  | Received a gift from Sif Muna
 82846 | Crypt:3  | Got Sif Muna's Handbook of Battling and Air {god gift}
 83099 | Crypt:3  | Reached skill level 18 in Stealth
 83099 | Crypt:3  | Reached skill level 19 in Invocations
 83366 | Crypt:3  | Found a basalt altar of Yredelemnul.
 83366 | Crypt:3  | Noticed a dread lich
 83371 | Crypt:3  | Killed a dread lich
 83384 | Crypt:3  | Reached skill level 18 in Polearms
 83384 | Crypt:3  | Reached skill level 15 in Hexes
 83384 | Crypt:3  | Reached skill level 15 in Summonings
 83384 | Crypt:3  | Reached skill level 15 in Necromancy
 83384 | Crypt:3  | Reached skill level 15 in Translocations
 83384 | Crypt:3  | Reached skill level 15 in Fire Magic
 83384 | Crypt:3  | Reached skill level 15 in Ice Magic
 83384 | Crypt:3  | Reached skill level 15 in Air Magic
 83384 | Crypt:3  | Reached skill level 15 in Earth Magic
 83567 | Crypt:3  | Identified the +1 falchion of Plague {holy, rElec rPois}
 83570 | Crypt:3  | Identified the +3 orcbow "Pymu" {elec, rElec rPois rF-
                  | Str+2}
 83911 | Crypt:3  | Found a staircase to the Tomb.
 84321 | D:10     | You paid a toll of a +7 demon trident to enter a treasure
                  | trove
 84322 | Trove    | Entered a treasure trove
 84325 | Trove    | Found the +15 Maxwell's patent armour {-Cast -Tele rElec
                  | Will+ rCorr}
 84326 | Trove    | Identified the +1 pair of boots of Birdsong {Harm rElec
                  | Str-3 Dex+4}
 84327 | Trove    | Identified the +1 pair of gloves of Jolythog {Will+}
 84328 | Trove    | Identified the +1 pair of gloves "Ydinyfeyrph" {Str+5}
 84330 | Trove    | Identified the +0 plate armour of the Heavens {Regen+
                  | Dex+2}
 84335 | Trove    | Identified the +1 buckler of the Weaver {rPois rCorr Str-2}
 84339 | Trove    | Identified the +1 leather armour of Complete Protection
                  | {Regen+ Str+4 Int+3}
 84341 | Trove    | Identified the +5 plate armour of Caceutz {rElec}
 84342 | Trove    | Identified the +12 plate armour "Meuseumi" {rPois Regen+}
 84563 | Vaults:5 | Entered Level 5 of the Vaults
 84572 | Vaults:5 | Reached skill level 16 in Alchemy
 84575 | Vaults:5 | Received a gift from Sif Muna
 84575 | Vaults:5 | Noticed a dread lich
 84579 | Vaults:5 | HP: 75/186 [shadow dragon/bolt of negative energy (56)]
 84905 | Vaults:5 | Killed a dread lich
 84914 | Vaults:5 | Reached skill level 18 in Shapeshifting
 85084 | Vaults:5 | Identified the ring of Odiutug {rElec rPois rF+ Dex+3
                  | Stlth-}
 85199 | Vaults:5 | Noticed a dread lich
 85205 | Vaults:5 | Reached XP level 26. HP: 111/211 MP: 21/45
 85205 | Vaults:5 | HP: 102/211 [storm dragon (4)]
 85209 | Vaults:5 | Reached skill level 18 in Fighting
 85209 | Vaults:5 | Reached skill level 18 in Short Blades
 85209 | Vaults:5 | Reached skill level 18 in Long Blades
 85209 | Vaults:5 | Reached skill level 18 in Axes
 85209 | Vaults:5 | Reached skill level 18 in Maces & Flails
 85209 | Vaults:5 | Reached skill level 18 in Staves
 85209 | Vaults:5 | Reached skill level 18 in Ranged Weapons
 85209 | Vaults:5 | Reached skill level 18 in Throwing
 85209 | Vaults:5 | Reached skill level 18 in Armour
 85209 | Vaults:5 | Reached skill level 18 in Shields
 85209 | Vaults:5 | Reached skill level 18 in Unarmed Combat
 85209 | Vaults:5 | Reached skill level 18 in Evocations
 85211 | Vaults:5 | Paralysed by a dread lich for 3 turns
 85211 | Vaults:5 | HP: 62/211 [yaktaur captain/bolt (33)]
 85212 | Vaults:5 | Identified the ring of Cips {rF+ rC+ Str+2}
 85212 | Vaults:5 | HP: 26/211 [yaktaur captain/bolt (34)]
 85213 | Vaults:5 | Shot with a bolt by a yaktaur captain

Illustrated notes

Levels and vault maps discovered:
D:1:      minmay_arrival_pointy, layout_loops_ring
D:2:      layout_loops_ring, serial_shops, nicolae_shop_hallway_plus,
          minmay_pentomino_pile
D:3:      layout_basic, chequers_temple_overflow_minitemple,
          hellmonk_ecumenical_altar_crossroads, uniq_natasha, uniq_robin
D:4:      layout_basic
D:5:      layout_loops_corners, small_statue_intersection
D:6:      layout_rooms, mainiacjoe_overflow_24_doors, amethyst_killhole
D:7:      layout_layer_cave, minmay_temple_entry_grid, uniq_joseph,
          uniq_jeremiah, uniq_menkaure
D:8:      layout_basic
D:9:      cheibrodos_histonic, layout_loops_ring,
          nicolae_uskayaw_murder_on_the_dancefloor, general_overflow_altar,
          kennysheep_generic_room_12
D:10:     layout_rooms, nemelex_spade_bored_becter, hellmonk_lair_entry_icy,
          nicolae_trove_entry_diagonal, gammafunk_ghost_icy, grunt_ogre_cave,
          minmay_tree_intersection, uniq_harold, uniq_fannar, uniq_urug
D:11:     layout_long_grid, orc_0_dummy, serial_shops, shop_fountains,
          minivault_27
D:12:     giant_chief_lemuel, layout_basic, uniq_psyche
D:13:     layout_stronghold, hellmonk_vaults_order_and_chaos,
          ebering_ghost_rock_garden
D:14:     layout_irregular_city, minmay_splitting_lines
D:15:     hangedman_depths_entry_try_elsewhere_first, layout_loops_cross,
          nicolae_dithmenos_through_a_glass_darkly, led_xom_imps, uniq_roxanne,
          uniq_louise
Temple:   bh_familiar_temple
Lair:1:   layout_regular_city, grunt_megastairs_3
Lair:2:   layout_regular_city, bobbens_dragon_lair_wall
Lair:3:   layout_long_grid, skrybe_swamp_entry_bodies, spider_nest_entry_webs
Lair:4:   cheibrodos_lair_overgrown_chateau, layout_misc_corridors,
          slime_entry_1, portal_ice_cave_entry_pillars_1, uniq_sonja
Lair:5:   wormcave, layout_regular_city, hangedman_lair_tendril_chambers
Swamp:1:  layout_basic_swamp, evilmike_swamp_ruin_house_5, swamp_pool_1_2,
          nicolae_swamp_tree_isthmus, nicolae_swamp_long_stream
Swamp:2:  layout_falls_marsh, nicolae_swamp_stair_fork
Swamp:3:  layout_falls_marsh, serial_swamp_ruin, evilmike_swamp_ruin_house_4,
          evilmike_swamp_ruin_rubble_1, swamp_pool_1_2,
          cheibrodos_swamp_witchery
Swamp:4:  nzn_swamp_witches_coven, layout_basic_swamp, hangedman_swamp_cone,
          infiniplex_staircase_pool_2, uniq_donald, uniq_mara
Spider:1: layout_spider_delve, beargit_elvish_explorers, uniq_agnes
Spider:2: layout_spider_delve, nicolae_spider_swamp_cousins
Spider:3: layout_spider_delve, uniq_azrael
Spider:4: hellmonk_spider_rune_bug_friends
Orc:1:    layout_caves, basic_altar, nicolae_orc_sculptors_studio, mines3_lemuel
Orc:2:    grunt_orc_gardens, layout_diamond_mine, grunt_orc_garden,
          grunt_orc_garden, grunt_orc_garden, grunt_orc_garden,
          nicolae_shop_self_help, uniq_erolcha
Elf:1:    minmay_elf_arrival_circle, layout_gridlike, serial_shops,
          nicolae_shop_peninsula, hangedman_elven_crosses_minicolossus,
          minmay_elf_annihilation, uniq_kirke, uniq_nikola
Elf:2:    elven_hall_of_blades_hangedman_original
          [nicolae_blade_entry_crossed_weapons], layout_loops_corners,
          nicolae_shop_i_like_big_books, uniq_zenata
Elf:3:    minmay_elf_hall_furrowed, layout_gridlike, serial_shops,
          nicolae_shop_tiny_glass, uniq_aizul
Vaults:1: v_misc_18, vaults_room_ringed_pool, v_pattern_3,
          ontoclasm_vaults_hangar, vaults_mumra_chevron,
          nicolae_vaults_tetromino_Z_1, nicolae_vaults_offset_grid_hallway_2,
          nicolae_vaults_shrinking_rooms_2, nicolae_vaults_border_crossing,
          nicolae_vaults_little_squares_6, hangedman_vaults_restitches,
          vaults_mumra_hex, nicolae_vaults_little_squares_2, vaults_dpeg_ring,
          nicolae_vaults_layer_cake_slice, layout_vaults_omnibox, serial_shops,
          shop, uniq_boris
Vaults:2: nicolae_vaults_network_quincunx
          [nicolae_vaults_network_quincunx_subvault,
          nicolae_vaults_network_quincunx_subvault,
          nicolae_vaults_network_quincunx_subvault,
          nicolae_vaults_network_quincunx_subvault,
          nicolae_vaults_network_quincunx_subvault], vaults_room_glass_cross,
          nicolae_vaults_storage_closets_2, nicolae_vaults_trapezoid_layered,
          minmay_crypt_entry_simple_plaza, nicolae_vaults_wrenched,
          nicolae_vaults_hexular_roomagon, nicolae_vaults_double_plus_1,
          grunt_vaults_hallway_short, ontoclasm_vaults_loading_screen,
          nicolae_vaults_more_shelving_1, lightli_orcish_oven,
          layout_vaults_omnicross
Vaults:3: nicolae_vaults_quadrants, nicolae_vaults_trapezoid_lopsided_3,
          ontoclasm_vaults_chip, v_rooms_5, nicolae_vaults_ellipses_ellipsis,
          nicolae_vaults_circle_grid_a, vaults_room_door_hall,
          nicolae_vaults_trapezoid_4, nicolae_vaults_variable_pillar_hall,
          ontoclasm_vaults_ligature, v_misc_10,
          nicolae_vaults_network_quinsquares
          [nicolae_vaults_network_quincunx_subvault,
          nicolae_vaults_network_quincunx_subvault,
          nicolae_vaults_network_quincunx_subvault,
          nicolae_vaults_network_quincunx_subvault], ontoclasm_vaults_hangar,
          layout_vaults_maze_snakey, uniq_saint_roka
Vaults:4: vaults_dpeg_cross, ontoclasm_vaults_tryst,
          nicolae_vaults_little_squares_5, vaults_room_semicircle, v_rooms_4,
          hangedman_vaults_slice, vaults_room_fours, nicolae_vaults_house_2,
          nicolae_vaults_variable_pillar_hall, vaults_room_corners,
          layout_vaults_omnigrid, serial_shops, nicolae_shop_overgrown_old_shop
Vaults:5
Crypt:1:  layout_regular_city
Crypt:2:  layout_misc_corridors, minmay_misc_feat_alley, grunt_megastairs_2
Crypt:3:  cryptofortress_bobbens
Depths:1: layout_long_grid, infiniplex_enter_wizlab_water, special_room
          [special_room_jelly], grunt_pan_entry_spiral,
          pf_hell_entry_tar_spiral, nicolae_alphabet_shops, minmay_multi_spiral
Depths:2: minmay_curly_fans, layout_gridlike, enter_ziggurat_b,
          rand_demon_pan_entry_9, grunt_metal_band, special_room
          [special_room_morgue], serial_shops, shop,
          infiniplex_staircase_zigzag_3, roderic_lattice_octagonal_star,
          minmay_shop_grove
Depths:3: grunt_twist_and_shout, layout_cave_pools, abyss_entry_flame_altar,
          hangedman_coc_ice_floe, kennysheep_nondescript,
          infiniplex_staircase_diamond, firewood_loft
Depths:4: grunt_x_marks_the_spot, layout_basic, special_room
          [special_room_jelly], evilmike_ruin_ashenzari, hell_entry,
          kiku_gazebo_pond_becter

Skill      XL: |  1  2  3  4  5  6  7  8  9 10 11 12 13 14 15 16 17 18 19 20 21 22 23 24 25 26 |
---------------+-------------------------------------------------------------------------------+-----
Conjurations   | 2 3 4 5 6 7 8 9 10 11 12 13 14 15 | 15.4
Spellcasting   | 5 6 7 8 9 10 11 12 13 14 15 16 17 18 | 18.5
Invocations    | 1 2 3 4 5 6 7 8 9 10 11 12 13 14 15 16 17 18 19 | 19.4
Fighting       | 1 2 3 4 5 6 7 8 9 10 11 12 13 14 15 16 17 18 | 18.0
Short Blades   | 1 2 3 4 5 6 7 8 9 10 11 12 13 14 15 16 17 18 | 18.0
Long Blades    | 1 2 3 4 5 6 7 8 9 10 11 12 13 14 15 16 17 18 | 18.0
Axes           | 1 2 3 4 5 6 7 8 9 10 11 12 13 14 15 16 17 18 | 18.0
Maces & Flails | 1 2 3 4 5 6 7 8 9 10 11 12 13 14 15 16 17 18 | 18.0
Polearms       | 1 2 3 4 5 6 7 8 9 10 11 12 13 14 15 16 17 18 | 18.7
Staves         | 1 2 3 4 5 6 7 8 9 10 11 12 13 14 15 16 17 18 | 18.0
Ranged Weapons | 1 2 3 4 5 6 7 8 9 10 11 12 13 14 15 16 17 18 | 18.0
Throwing       | 1 2 3 4 5 6 7 8 9 10 11 12 13 14 15 16 17 18 | 18.0
Armour         | 1 2 3 4 5 6 7 8 9 10 11 12 13 14 15 16 17 18 | 18.0
Shields        | 1 2 3 4 5 6 7 8 9 10 11 12 13 14 15 16 17 18 | 18.0
Unarmed Combat | 1 2 3 4 5 6 7 8 9 10 11 12 13 14 15 16 17 18 | 18.0
Evocations     | 1 2 3 4 5 6 7 8 9 10 11 12 13 14 15 16 17 18 | 18.0
Shapeshifting  | 1 2 3 4 5 6 7 8 9 10 11 12 13 14 15 17 18 | 18.2
Hexes          | 1 2 3 4 5 6 7 8 9 10 11 12 13 14 15 | 15.3
Summonings     | 1 2 3 4 5 6 7 8 9 10 11 12 13 14 15 | 15.3
Necromancy     | 1 2 3 4 5 6 7 8 9 10 11 12 13 14 15 | 15.3
Translocations | 1 2 3 4 5 6 7 8 9 10 11 12 13 14 15 | 15.3
Fire Magic     | 1 2 3 4 5 6 7 8 9 10 11 12 13 14 15 | 15.3
Ice Magic      | 1 2 3 4 5 6 7 8 9 10 11 12 13 14 15 | 15.3
Air Magic      | 1 2 3 4 5 6 7 8 9 10 11 12 13 14 15 | 15.3
Earth Magic    | 1 2 3 4 5 6 7 8 9 10 11 12 13 14 15 | 15.3
Dodging        | 5 6 7 8 9 10 11 12 13 14 15 16 17 18 | 18.4
Stealth        | 5 6 7 8 9 10 11 12 13 14 15 16 17 18 | 18.4
Alchemy        | 6 7 8 9 10 11 12 13 14 15 16 | 16.1

Action                     |  1- 3 |  4- 6 |  7- 9 | 10-12 | 13-15 | 16-18 | 19-21 | 22-24 | 25-27 || total
---------------------------+-------+-------+-------+-------+-------+-------+-------+-------+-------++-------
  Melee: Unarmed           |     3 |       |       |       |       |       |       |       |       ||     3
         Short sword       |    12 |       |       |       |       |       |       |       |       ||    12
         Bite              |     1 |     1 |     6 |    14 |    40 |    82 |   116 |   134 |    68 ||   462
         Dagger            |     1 |    19 |    63 |    49 |       |       |       |       |       ||   132
         Trident           |       |       |       |    95 |       |       |       |       |       ||    95
         Staff             |       |       |       |     8 |   278 |       |       |       |       ||   286
         Falchion          |       |       |       |       |    12 |   405 |   544 |    55 |       ||  1016
         Lance             |       |       |       |       |       |       |       |   780 |    46 ||   826
         Flail             |       |       |       |       |       |       |       |   129 |   305 ||   434
  Throw: Throwing net      |       |       |       |     1 |       |       |       |       |       ||     1
   Cast: Sting             |    70 |   122 |   160 |     9 |       |       |       |       |       ||   361
         Summon Lightning  |       |       |    15 |    47 |    50 |    52 |    45 |     2 |       ||   211
         Airstrike         |       |       |    14 |    68 |   365 |   560 |   383 |   123 |       ||  1513
         Olgreb's Toxic Ra |       |       |     5 |    76 |   118 |    36 |    94 |   113 |     2 ||   444
         Fireball          |       |       |       |       |    23 |    63 |     5 |     1 |       ||    92
         Freezing Cloud    |       |       |       |       |       |    67 |    82 |    45 |       ||   194
         Iskenderun's Myst |       |       |       |       |       |     5 |     3 |       |       ||     8
         Starburst         |       |       |       |       |       |       |    26 |    36 |    40 ||   102
         Bombard           |       |       |       |       |       |       |    65 |   208 |    82 ||   355
         Blink             |       |       |       |       |       |       |     1 |     1 |       ||     2
         Spellforged Servi |       |       |       |       |       |       |       |    16 |    12 ||    28
         Ozocubu's Refrige |       |       |       |       |       |       |       |    49 |    18 ||    67
 Invoke: Channel Magic     |       |       |       |       |       |     1 |     3 |     2 |     2 ||     8
  Evoke: Wand              |       |       |     1 |     3 |     1 |    11 |     6 |     8 |       ||    30
         Lightning rod     |       |       |       |     3 |     7 |     7 |     2 |     1 |       ||    20
         Sack of spiders   |       |       |       |       |       |     1 |       |       |       ||     1
         Phantom mirror    |       |       |       |       |       |       |     1 |     4 |       ||     5
    Use: Potion            |       |       |     1 |       |     1 |     1 |     1 |     4 |     3 ||    11
         Scroll            |       |       |       |    10 |     7 |    10 |     9 |     6 |       ||    42
   Stab: Distracted        |       |       |       |     8 |     9 |    12 |     6 |     9 |     2 ||    46
         Sleeping          |       |       |       |     1 |       |     2 |    10 |    27 |     6 ||    46
 Armour: Robe              |    10 |    24 |   105 |    19 |    33 |       |       |       |       ||   191
         Steam dragon scal |       |       |       |    93 |    21 |       |       |       |       ||   114
         Animal skin       |       |       |       |       |    81 |   342 |   313 |   435 |   237 ||  1408
  Dodge: Dodged            |    19 |    33 |    75 |   128 |   200 |   227 |   230 |   347 |   243 ||  1502
  Block: Buckler           |       |     9 |    34 |    49 |   104 |       |    99 |   182 |   137 ||   614
         Kite shield       |       |       |       |       |    26 |   247 |   104 |       |       ||   377

Table legend: (Time is in decaauts)
 A = Elapsed time spent in this place.
 B = Non-inter-level travel time spent in this place.
 C = Inter-level travel time spent in this place.
 D = Time resting spent in this place.
 E = Time spent auto-exploring this place.
 F = Levels seen in this place.
 G = Mean time per level.
                   A        B        C        D        E       F      G
               +--------+--------+--------+--------+--------+-----+--------+
         Total |  84450 |  78615 |   5835 |   7546 |  58618 |  49 | 1723.5 |
       Dungeon |  26642 |  23427 |   3215 |   2755 |  17214 |  15 | 1776.1 |
        Temple |     63 |      1 |     62 |      0 |      0 |   1 |   63.0 |
          Lair |  11797 |  11077 |    720 |    920 |   8825 |   5 | 2359.4 |
         Swamp |   4654 |   4441 |    213 |    179 |   3588 |   4 | 1163.5 |
   Spider Nest |   6409 |   6236 |    173 |    636 |   4646 |   4 | 1602.2 |
  Orcish Mines |   3316 |   3044 |    272 |    338 |   2404 |   2 | 1658.0 |
   Elven Halls |   4353 |   4259 |     94 |     66 |   3376 |   3 | 1451.0 |
        Vaults |   9968 |   9232 |    736 |    915 |   6526 |   5 | 1993.6 |
         Crypt |   3883 |   3793 |     90 |    105 |   2912 |   3 | 1294.3 |
        Depths |   9546 |   9290 |    256 |    938 |   6674 |   4 | 2386.5 |
         Trove |     34 |     34 |      0 |      0 |      2 |   1 |   34.0 |
      Ice Cave |   1504 |   1504 |      0 |    193 |   1033 |   1 | 1504.0 |
        Wizlab |   2275 |   2275 |      0 |    499 |   1417 |   1 | 2275.0 |
               +--------+--------+--------+--------+--------+-----+--------+

Top non-repeatable levels by time:
Depths:2: 3308 daAuts
  Lair:4: 2813 daAuts
Vaults:2: 2791 daAuts
    D:13: 2772 daAuts
Depths:4: 2669 daAuts
  Lair:5: 2630 daAuts
Depths:1: 2503 daAuts
     D:9: 2410 daAuts
Vaults:3: 2344 daAuts
Vaults:1: 2340 daAuts
    D:10: 2316 daAuts
  Lair:3: 2306 daAuts
Vaults:4: 2304 daAuts
  WizLab: 2275 daAuts
     D:7: 2256 daAuts
